Workbook
Name _: 'CHECK SHEET'!$F$57
Name _1.: 'CHECK SHEET'!#REF!
Name _10.: 'CHECK SHEET'!#REF!
Name _11.: 'CHECK SHEET'!$A$106
Name _2.: 'CHECK SHEET'!$A$10
Name _2004_05_APPROPRIATIONS: 'CHECK SHEET'!#REF!
Name _2005_2006_OPERATING_BUDGET_REVIEW_CHECKSHEET: 'CHECK SHEET'!$A$7:$H$113
Name _2024_25: 'EXHIBIT G'!$C$7
Name _2024_25_BASE_BUDGET: VLOOKUP!$B$5
Name _3.: 'CHECK SHEET'!$A$15
Name _4.: 'CHECK SHEET'!$A$21
Name _5.___EXHIBIT_C__verify_that_student_fees_agree_with_EXHIBIT_D.: 'CHECK SHEET'!#REF!
Name _56F9DC9755BA473782653E2940F9FormId: "exC_Y2_Lc0GMHBQGu1y3lC-ujT3W1J9Mmrw7lar5L6lUOVRERkUzWk9MQ0syNUk5WkxQTENZVlMxNyQlQCN0PWcu"
Name _56F9DC9755BA473782653E2940F9ResponseSheet: "Form1"
Name _56F9DC9755BA473782653E2940F9SourceDocId: "{443f49f6-a1f9-44d6-ae95-06dab15b27e1}"
Name _6.: 'CHECK SHEET'!#REF!
Name _7.___EXHIBIT_D__verify_that_state_appropriations_required_to_be_budgeted_in_Fund_1_are_accurate.: 'CHECK SHEET'!$A$79
Name _8.__EXHIBIT_D__verify_that_amounts_budgeted_for_contingencies_does_not_exceed_2__of_total_fund: 'CHECK SHEET'!$A$89
Name _9.___EXHIBIT_E_totals_for_personnel__current_expense__capital_outlay__and_total_equal_totals_in: 'CHECK SHEET'!#REF!
Name AccountTitle: 'EXHIBIT D'!$A$9
Name ADDITIONAL__REDUCED_BUDGETED_FEE_REVENUES: 'EXHIBIT C(2)'!$E$12
Name ADDITIONAL_2__CALCULATION: 'CHECK SHEET'!#REF!
Name ADULT: #REF!
Name ADULT: #REF!
Name AMOUNT: 'EXHIBIT C'!$B$52
Name APPROPRIATIONS: 'CHECK SHEET'!$C$83
Name BEGINNING_FUND_BALANCE___JULY_1__2026: 'EXHIBIT A'!$B$11
Name BFR: 'EXHIBIT C'!$F$39
Name BLOCK_TUITION_CHARGED: 'EXHIBIT C'!$E$39
Name BROWARD_COLLEGE: 'CHECK SHEET'!$D$7
Name BUDGET_OFFICE_IN_STATE: 'CHECK SHEET'!$D$41
Name Budget2: 'EXHIBIT C(2)'!$E$21
Name BUDGETED_FEE_REVENUES: 'EXHIBIT C'!$H$9
Name CAPITAL_IMPROVEMENT_FEE__1: 'EXHIBIT B'!$E$13
Name CAPITAL_OUTLAY: 'EXHIBIT G'!$A$96
Name CAPITAL_OUTLAY_______GLC_700S: 'EXHIBIT E'!$D$9
Name CHANGE_IN_CHARGE_PER_STUDENT_CREDIT_HOUR: 'EXHIBIT C(2)'!$D$12
Name CHARGE_PER_STUDENT_CREDIT_HOUR: 'EXHIBIT C'!$G$9
Name CKSHEET_C8: 'CHECK SHEET'!#REF!
Name COLLEGE: 'EXHIBIT A'!$B$8
Name COLLEGE_IN_STATE: 'CHECK SHEET'!$E$41
Name COLLEGE_NAME: VLOOKUP!$A$6
Name CONVERTED_TO_30_CRHR: 'CHECK SHEET'!$D$58
Name CR_AD: '[1]VOC PREP'!$A$4:$O$54
Name CREDIT: #REF!
Name CREDIT: #REF!
Name CREDIT_HOURS: 'CHECK SHEET'!$E$58
Name CURRENT_EXPENSE_______GLC_600S: 'EXHIBIT E'!$C$9
Name CURRENT_FUNDS___UNRESTRICTED: 'EXHIBIT A'!$E$10
Name CURRENT_FUNDS___UNRESTRICTED_LOWER_AND_UPPER_LEVEL: 'EXHIBIT D'!$G$9
Name diff: 'CHECK SHEET'!$F$83
Name DIFFERENCE: 'CHECK SHEET'!$F$43
Name Disciplin2: 'EXHIBIT C'!$B$32
Name DISCIPLINE: 'EXHIBIT C'!$B$9
Name Discipline4: 'EXHIBIT C(2)'!$B$12
Name Enter_amounts_only_for_cells_highlighted_in_light_yellow.: 'EXHIBIT G'!$A$7
Name EXHIBIT_D: 'CHECK SHEET'!$E$83
Name FCSPF_GENERAL_REVENUE__GENERAL_LEDGER_CODE_42110__1_2: VLOOKUP!$B$6
Name FCSPF_LOTTERY__GENERAL_LEDGER_CODE__42610: VLOOKUP!$C$6
Name FEE_EXEMPT__DUAL_ENROLLMENT____APPRENTICESHIP__ETC.: 'EXHIBIT C'!$E$9

Sheet SUMMARY OF CHANGES
A1: THE FLORIDA COLLEGE SYSTEM
A2: 2026-27 COLLEGE OPERATING BUDGET
A3: SUMMARY OF CHANGES
A4: UPDATE CHANGES IF NECESSARY
A5: CHANGES | C5: EXHIBIT(S)/CHECK SHEET | D5: GENERAL LEDGER CODES | E5: LINES (ADDED, MOVED, RENAMED, ADJUSTED OR DELETED)

Sheet OPB WORKBOOK INSTRUCTIONS
A1: THE FLORIDA COLLEGE SYSTEM
A2: 2026-27 INSTRUCTIONS
A3: ANNUAL COLLEGE OPERATING BUDGET WORKBOOK FORMS
A4: Double Click to download a PDF of the document.

Sheet VLOOKUP
A1: VLOOKUP CHARTS - DO NOT DELETE - UPDATE EACH YEAR
A2: UPDATE COLUMNS HIGHLIGHTED IN YELLOW
B3: Updated 5.27.26 EN
A4: 1 | B4: 2 | C4: 3 | D4: 4
A5: FLORIDA COLLEGE SYSTEM PROGRAM FUND (FCSPF) APPROPRIATIONS | B5: 2026-27 BASE BUDGET
A6: COLLEGE NAME | B6: FCSPF GENERAL REVENUE (GENERAL LEDGER CODE 42110) 1,2,3 | C6: FCSPF LOTTERY (GENERAL LEDGER CODE 42610) | D6: TOTAL APPROPRIATED FUNDS
A7: Eastern Florida State College | B7: 46135825 | C7: 8965209 | D7: =SUM(B7:C7) -> 55101034
A8: Broward College | B8: 98690418 | C8: 17967796 | D8: =SUM(B8:C8) -> 116658214
A9: College of Central Florida | B9: 36635655 | C9: 5132576 | D9: =SUM(B9:C9) -> 41768231
A10: Chipola College | B10: 13538708 | C10: 2823123 | D10: =SUM(B10:C10) -> 16361831
A11: Daytona State College | B11: 51701935 | C11: 10787451 | D11: =SUM(B11:C11) -> 62489386
A12: Florida SouthWestern State College | B12: 46933805 | C12: 6873089 | D12: =SUM(B12:C12) -> 53806894
A13: Florida State College at Jacksonville | B13: 76188848 | C13: 16150515 | D13: =SUM(B13:C13) -> 92339363
A14: College of the Florida Keys | B14: 10190230 | C14: 1455245 | D14: =SUM(B14:C14) -> 11645475
A15: Gulf Coast State College | B15: 23425463 | C15: 4601687 | D15: =SUM(B15:C15) -> 28027150
A16: Hillsborough College | B16: 78745180 | C16: 12203027 | D16: =SUM(B16:C16) -> 90948207
A17: Indian River State College | B17: 52058669 | C17: 9889375 | D17: =SUM(B17:C17) -> 61948044
A18: Florida Gateway College | B18: 17400443 | C18: 2879216 | D18: =SUM(B18:C18) -> 20279659
... A31: Seminole State College of Florida | B31: 50687169 | C31: 8021591 | D31: =SUM(B31:C31) -> 58708760
A32: South Florida State College | B32: 23017517 | C32: 3443580 | D32: =SUM(B32:C32) -> 26461097 | I32: ``
A33: Tallahassee State College | B33: 39674794 | C33: 6698176 | D33: =SUM(B33:C33) -> 46372970
A34: Valencia College | B34: 130572783 | C34: 14571108 | D34: =SUM(B34:C34) -> 145143891
A35: TOTAL | B35: =SUM(B7:B34) -> 1470481691 | C35: =SUM(C7:C34) -> 239728417 | D35: =SUM(D7:D34) -> 1710210108
A36: 1Recurring and nonrecurring state funds are included in the General Revenue appropriations.
A37: 2The 2026-27 General Revenue appropriations does not include the $30,000,000 appropriated for Performance Based Incentive Funding.
A38: 3The 2026-27 GR appropriation only includes recurring funds since a 2026-27 budget has not been signed.
A39: UPDATE COLUMNS HIGHLIGHTED IN YELLOW
A40: 2026-27 SPECIAL PROJECTS | B40: Updated:5.26.26 Needs final edit.
A41: 1 | B41: 2 | C41: 3 | D41: 4 | E41: 5
A42: COLLEGE NAME | B42: Program/Project | C42: Recurring | D42: Nonrecurring | E42: Total
A43: =A10 -> Chipola College | B43: Workforce Program Expansion - Welding Technology and Advanced Manufacturing (SF 3130) | E43: =C43+D43 -> 0
A44: College of Central Florida | B44: Critical Workforce Program Expansion (HF 1170) | E44: =C44+D44 -> 0
A45: Daytona State College | B45: Advanced Technology Center | E45: =C45+D45 -> 0
A46: Daytona State College | B46: Specialized Equipment for Center for Aerospace and Advanced Technical Education (HF 2186) | E46: =C46+D46 -> 0
A47: Florida Southwestern State College | B47: Equipping Applied Science Laboratories-Multiple Campuses (HF 3683) | E47: =C47+D47 -> 0
A48: Hillsborough College | B48: Regional Transportation Training Center | E48: =C48+D48 -> 0
A49: Hillsborough College | B49: Artificial Intelligence Program Support (SF 2306) | E49: =C49+D49 -> 0
A50: Miami Dade College | B50: Institute for Freedom in the Americas (HF 2014) | E50: =C50+D50 -> 0
A51: Northwest Florida State College | B51: South Walton Center Hospitalitiy Program (HF 2437) | E51: =C51+D51 -> 0
A52: Palm Beach State College | B52: Transportation Technology Expansion Project (HF2437) | E52: =C52+D52 -> 0
A53: Pasco-Hernando State College | B53: STEM Stackable | E53: =C53+D53 -> 0
A54: Pasco-Hernando State College | B54: Nursing and Allied Health Advancement Institute -(HF1069) | E54: =C54+D54 -> 0
A55: Pensacola State College | B55: Expanding Military and Vererans Service Center | E55: =C55+D55 -> 0
... A60: St. Petersburg College | B60: Law Enforcement and Field Training Support | E60: =C60+D60 -> 0
A61: Total | C61: =SUM(C43:C60) -> 0 | D61: =SUM(D43:D60) -> 0 | E61: =SUM(E43:E60) -> 0
A62: The Special Projects Recurring and Nonrecurring amounts are included in the General Revenue appropriations, Column B above.
A64: UPDATE COLUMNS HIGHLIGHTED IN YELLOW
A65: 2026-27 | B65: Date Updated 4.4.24
A66: ADULTS WITH DISABILITIES APPROPRIATION (PROVIDED FOR INFORMATION PURPOSES ONLY APPROPRIATION 28 NOT ADDED INTO GR ABOVE)
A67: COLLEGE NAME | B67: TOTAL
A68: =A33 -> Tallahassee State College | B68: 0
A69: TOTAL | B69: =SUM(B68:B68) -> 0
A71: UPDATE COLUMN B
A72: 2026-27 FINANCIAL AID FEES ADDITIONAL 2% CALCULATION | B72: updated 4.10.26 EN
A73: COLLEGE NAME | B73: TOTAL 2026-27 PROJECTED TUITION AND OUT-OF-STATE FEE REVENUE | C73: 5% PROJECTED TUITION AND OUT-OF-STATE FEES | D73: PROJECTED FINANCIAL AID FEE COLLECTIONS BELOW $500,000? | E73: ADDITIONAL 2% PROJECTED FINANCIAL FEE COLLECTIONS | F73: TOTAL PROJECTED FINANCIAL AID FEES
A74: =A7 -> Eastern Florida State College | B74: 25165553 | C74: =B74*0.05 -> 1258277.6 | D74: =IF(C74>500000,0,1) -> 0 | E74: =IF(D74<1,0,B74*0.02) -> 0 | F74: =C74+E74 -> 1258277.6
A75: =A8 -> Broward College | B75: 64528562 | C75: =B75*0.05 -> 3226428.1 | D75: =IF(C75>500000,0,1) -> 0 | E75: =IF(D75<1,0,B75*0.02) -> 0 | F75: =C75+E75 -> 3226428.1
A76: =A9 -> College of Central Florida | B76: 12440133 | C76: =B76*0.05 -> 622006.65 | D76: =IF(C76>500000,0,1) -> 0 | E76: =IF(D76<1,0,B76*0.02) -> 0 | F76: =C76+E76 -> 622006.65
A77: =A10 -> Chipola College | B77: 2814641.3 | C77: =B77*0.05 -> 140732.07 | D77: =IF(C77>500000,0,1) -> 1 | E77: =IF(D77<1,0,B77*0.02) -> 56292.826 | F77: =C77+E77 -> 197024.89
A78: =A11 -> Daytona State College | B78: 25101501 | C78: =B78*0.05 -> 1255075.1 | D78: =IF(C78>500000,0,1) -> 0 | E78: =IF(D78<1,0,B78*0.02) -> 0 | F78: =C78+E78 -> 1255075.1
A79: =A12 -> Florida SouthWestern State College | B79: 25225253 | C79: =B79*0.05 -> 1261262.6 | D79: =IF(C79>500000,0,1) -> 0 | E79: =IF(D79<1,0,B79*0.02) -> 0 | F79: =C79+E79 -> 1261262.6
A80: =A13 -> Florida State College at Jacksonville | B80: 43539281 | C80: =B80*0.05 -> 2176964.1 | D80: =IF(C80>500000,0,1) -> 0 | E80: =IF(D80<1,0,B80*0.02) -> 0 | F80: =C80+E80 -> 2176964.1
A81: =A14 -> College of the Florida Keys | B81: 2746294 | C81: =B81*0.05 -> 137314.7 | D81: =IF(C81>500000,0,1) -> 1 | E81: =IF(D81<1,0,B81*0.02) -> 54925.881 | F81: =C81+E81 -> 192240.58
A82: =A15 -> Gulf Coast State College | B82: 8376750.3 | C82: =B82*0.05 -> 418837.51 | D82: =IF(C82>500000,0,1) -> 1 | E82: =IF(D82<1,0,B82*0.02) -> 167535.01 | F82: =C82+E82 -> 586372.52
A83: =A16 -> Hillsborough College | B83: 50477897 | C83: =B83*0.05 -> 2523894.9 | D83: =IF(C83>500000,0,1) -> 0 | E83: =IF(D83<1,0,B83*0.02) -> 0 | F83: =C83+E83 -> 2523894.9
A84: =A17 -> Indian River State College | B84: 25961424 | C84: =B84*0.05 -> 1298071.2 | D84: =IF(C84>500000,0,1) -> 0 | E84: =IF(D84<1,0,B84*0.02) -> 0 | F84: =C84+E84 -> 1298071.2
A85: =A18 -> Florida Gateway College | B85: 5097365.4 | C85: =B85*0.05 -> 254868.27 | D85: =IF(C85>500000,0,1) -> 1 | E85: =IF(D85<1,0,B85*0.02) -> 101947.31 | F85: =C85+E85 -> 356815.58
... A101: =A34 -> Valencia College | B101: 1.0823894e+08 | C101: =B101*0.05 -> 5411947.2 | D101: =IF(C101>500000,0,1) -> 0 | E101: =IF(D101<1,0,B101*0.02) -> 0 | F101: =C101+E101 -> 5411947.2
A102: TOTAL | B102: =SUM(B74:B101) -> 8.0297545e+08 | C102: =SUM(C74:C101) -> 40148773 | D102: =SUM(D74:D101) -> 8 | E102: =SUM(E74:E101) -> 871828.35 | F102: =SUM(C102+E102) -> 41020601
A104: *********************************************************************************************************************************************************************************
A105: UPDATE THE CELLS HIGHLIGHTED IN YELLOW USING THE SOURCE DATA AT: J:\Finance\Fees\2025-26\Fee Calculator 2025-26(Using 2025-26 FTE-2A) FALL 2025 FEES 4.10.26.DRS.xlsx
A106: THE ESTIMATED FEE PAYING FTE-2A DATA IS PROVIDED AS AN EXAMPLE ON HOW THE BUDGET OFFICE CALCULATED THE ESTIMATED CREDIT HOURS ON THE CHECK SHEET, ITEM NUMBER 6 AND TO ASSIST THE COLLEGE IN CALCULATING ESTIMATED CREDIT HOURS.
A107: THE FTE-2A REPORT WAS USED TO CALCULATE THE CREDIT HOURS. THE FTE-2A REPORT IS AVAILABLE TO USE TO CALCULATE THE CREDIT HOURS.
A108: MULTIPLY FTE TIMES 30 TO CONVERT TO STUDENT SEMESTER/CREDIT HOUR BASIS.
A111: DIVISION'S ESTIMATES BASED ON THE 2025-26 FTE-2A REPORT | B111: Date Updated: 04.10.26; BY: EN | E111: LOWER LEVEL
A112: 1 | B112: 2 | C112: 3 | D112: 4 | E112: 5 | F112: 6 | G112: 7 | H112: 8 | I112: 9 | J112: 10 | K112: 11 | L112: 12 | M112: 13 | N112: 14 | O112: 15 | P112: 16 | Q112: 17 | R112: 18 | S112: 19 | T112: TOTAL | V112: 20 | W112: 21 | X112: 22 | Z112: 23 | AA112: 24 | AB112: 25
A113: FEE PAYING FTE TOTALS | B113: UPPER LEVEL | J113: CREDIT | Q113: NON-CREDIT | T113: FEE PAYING | AD113: THIS IS THE DIVISION'S ESTIMATES BASED ON THE 2025-26 ESTIMATED FTE-2A REPORT
B114: BACCALAUREATE | E114: A & P | H114: PSV | K114: DEV ED | N114: EPI | Q114: CAREER CERTIFICATE AND APPLIED TECHNOLOGY DIPLOMA (PSAV) | V114: ASB | Z114: ADULT EDUCATION | AD114: VLOOKUP CHARTS - DO NOT DELETE | AI114: DO NOT DELETE (THIS CALCULATION CHECKS THE ACCURACY OF THE DATA EACH EACH YEAR)
A115: COLLEGE NAME | B115: Resident | D115: Total | E115: Resident | F115: Non Resident | G115: Total | H115: Resident | I115: Non Resident | J115: Total | K115: Resident | L115: Non Resident | M115: Total | N115: Resident | O115: Non Resident | P115: Total | Q115: Resident | R115: Non Resident | S115: Total | T115: VOC. PREP FTE/ADULT EDUCATION FTE ARE EXCLUDED | V115: Resident | W115: Non Resident | X115: Total | Z115: Resident | AA115: Non Resident | AB115: Total | AD115: COLLEGE NAME | AE115: ADULT BASIC FTE | AF115: ADULT SEC. & GED FTE | AG115: TOTAL ADULT BASIC & ADULT SEC.
A116: =A7 -> Eastern Florida State College | B116: 999 | D116: =B116+C116 -> 999 | E116: 4893.3783 | F116: 245.38635 | G116: =E116+F116 -> 5138.7647 | H116: 1963.9319 | I116: 68.021703 | J116: =H116+I116 -> 2031.9537 | K116: 237.60589 | L116: 35.394112 | M116: =K116+L116 -> 273 | N116: 14 | O116: 0 | P116: =N116+O116 -> 14 | Q116: 416.81587 | R116: 28.594579 | S116: =Q116+R116 -> 445.41045 | T116: =D116+G116+J116+M116+P116+S116 -> 8902.1288 | V116: =X116-W116 -> 0 | W116: 0 | X116: 0 | Z116: =AB116-AA116 -> 0 | AA116: 0 | AB116: =AG116 -> 0 | AD116: =A116 -> Eastern Florida State College | AE116: 0 | AF116: 0 | AG116: =AE116+AF116 -> 0 | AI116: Total Voc Prep. and Adult Education | AO116: =X144+AB144 -> 4331
A117: =A8 -> Broward College | B117: 1171 | D117: =B117+C117 -> 1171 | E117: 11966.859 | F117: 685.57086 | G117: =E117+F117 -> 12652.429 | H117: 6746.598 | I117: 384.20342 | J117: =H117+I117 -> 7130.8015 | K117: 528.41772 | L117: 76.582278 | M117: =K117+L117 -> 605 | N117: 6.6330275 | O117: 0.36697248 | P117: =N117+O117 -> 7 | Q117: 241.22745 | R117: 3.7725473 | S117: =Q117+R117 -> 245 | T117: =D117+G117+J117+M117+P117+S117 -> 21811.231 | V117: =X117-W117 -> 0 | W117: 0 | X117: 0 | Z117: =AB117-AA117 -> 4 | AA117: 169 | AB117: =AG117 -> 173 | AD117: =A117 -> Broward College | AE117: 169 | AF117: 4 | AG117: =AE117+AF117 -> 173 | AI117: Total Estimated Dual Enrolled FTE | AO117: 35086.777
A118: =A9 -> College of Central Florida | B118: 309 | D118: =B118+C118 -> 309 | E118: 2130.6011 | F118: 104.13113 | G118: =E118+F118 -> 2234.7322 | H118: 1372.626 | I118: 60.240237 | J118: =H118+I118 -> 1432.8663 | K118: 108.07587 | L118: 23.924131 | M118: =K118+L118 -> 132 | N118: 0 | O118: 0 | P118: =N118+O118 -> 0 | Q118: 137.22134 | R118: 0.82450593 | S118: =Q118+R118 -> 138.04585 | T118: =D118+G118+J118+M118+P118+S118 -> 4246.6443 | V118: =X118-W118 -> 0 | W118: 0 | X118: 0 | Z118: =AB118-AA118 -> 6.9586777 | AA118: 10.041322 | AB118: =AG118 -> 17 | AD118: =A118 -> College of Central Florida | AE118: 15 | AF118: 2 | AG118: =AE118+AF118 -> 17 | AI118: Total Apprentice FTE minus Estimated Dual Enrolled Apprentice FTE | AO118: 4063
A119: =A10 -> Chipola College | B119: 138 | D119: =B119+C119 -> 138 | E119: 585.74927 | F119: 46.209109 | G119: =E119+F119 -> 631.95837 | H119: 176.61202 | I119: 5.4644809 | J119: =H119+I119 -> 182.0765 | K119: 2.7777778 | L119: 3.2222222 | M119: =K119+L119 -> 6 | N119: 0 | O119: 0 | P119: =N119+O119 -> 0 | Q119: 237.39765 | R119: 1.7509353 | S119: =Q119+R119 -> 239.14858 | T119: =D119+G119+J119+M119+P119+S119 -> 1197.1835 | V119: =X119-W119 -> 0 | W119: 0 | X119: 0 | Z119: =AB119-AA119 -> 0 | AA119: 0 | AB119: =AG119 -> 0 | AD119: =A119 -> Chipola College | AE119: 0 | AF119: 0 | AG119: =AE119+AF119 -> 0 | AI119: Total | AO119: =SUM(AO116:AO118) -> 43480.777
A120: =A11 -> Daytona State College | B120: 975 | D120: =B120+C120 -> 975 | E120: 4560.8614 | F120: 292.67744 | G120: =E120+F120 -> 4853.5389 | H120: 2160.2437 | I120: 102.31717 | J120: =H120+I120 -> 2262.5609 | K120: 160.72124 | L120: 25.278764 | M120: =K120+L120 -> 186 | N120: 1 | O120: 0 | P120: =N120+O120 -> 1 | Q120: 728.00929 | R120: 29.058025 | S120: =Q120+R120 -> 757.06731 | T120: =D120+G120+J120+M120+P120+S120 -> 9035.1671 | V120: =X120-W120 -> 2 | W120: 0 | X120: 2 | Z120: =AB120-AA120 -> 204 | AA120: 0 | AB120: =AG120 -> 204 | AD120: =A120 -> Daytona State College | AE120: 169 | AF120: 35 | AG120: =AE120+AF120 -> 204
A121: =A12 -> Florida SouthWestern State College | B121: 587 | D121: =B121+C121 -> 587 | E121: 5031.0066 | F121: 254.96856 | G121: =E121+F121 -> 5285.9751 | H121: 2975.543 | I121: 75.126424 | J121: =H121+I121 -> 3050.6694 | K121: 125.4 | L121: 18.6 | M121: =K121+L121 -> 144 | N121: 0 | O121: 0 | P121: =N121+O121 -> 0 | Q121: 45.55102 | R121: 2.4489796 | S121: =Q121+R121 -> 48 | T121: =D121+G121+J121+M121+P121+S121 -> 9115.6446 | V121: =X121-W121 -> 0 | W121: 0 | X121: 0 | Z121: =AB121-AA121 -> 0 | AA121: 0 | AB121: =AG121 -> 0 | AD121: =A121 -> Florida SouthWestern State College | AE121: 0 | AF121: 0 | AG121: =AE121+AF121 -> 0 | AI121: Total 2025-26 Estimated FTE-2A Report | AO121: 323302
A122: =A13 -> Florida State College at Jacksonville | B122: 1646 | D122: =B122+C122 -> 1646 | E122: 8068.2788 | F122: 283.02385 | G122: =E122+F122 -> 8351.3027 | H122: 3608.6905 | I122: 79.389701 | J122: =H122+I122 -> 3688.0802 | K122: 799.44556 | L122: 50.554435 | M122: =K122+L122 -> 850 | N122: -0.98837209 | O122: 0.98837209 | P122: =N122+O122 -> 0 | Q122: 848.75216 | R122: 40.974242 | S122: =Q122+R122 -> 889.7264 | T122: =D122+G122+J122+M122+P122+S122 -> 15425.109 | V122: =X122-W122 -> 0 | W122: 0 | X122: 0 | Z122: =AB122-AA122 -> 405.44024 | AA122: 13.559756 | AB122: =AG122 -> 419 | AD122: =A122 -> Florida State College at Jacksonville | AE122: 402 | AF122: 17 | AG122: =AE122+AF122 -> 419 | AO122: =AO119 -> 43480.777
A123: =A14 -> College of the Florida Keys | B123: 69 | D123: =B123+C123 -> 69 | E123: 380.38726 | F123: 41.845298 | G123: =E123+F123 -> 422.23256 | H123: 210.02468 | I123: 35.556417 | J123: =H123+I123 -> 245.5811 | K123: 7.875 | L123: 2.125 | M123: =K123+L123 -> 10 | N123: 0 | O123: 0 | P123: =N123+O123 -> 0 | Q123: 68 | R123: 0 | S123: =Q123+R123 -> 68 | T123: =D123+G123+J123+M123+P123+S123 -> 814.81366 | V123: =X123-W123 -> 0 | W123: 0 | X123: 0 | Z123: =AB123-AA123 -> 0 | AA123: 0 | AB123: =AG123 -> 0 | AD123: =A123 -> College of the Florida Keys | AE123: 0 | AF123: 0 | AG123: =AE123+AF123 -> 0 | AI123: This amount should agree with the FTE-2A Report Total Fee Paying (Cell U121) | AO123: =AO121-AO122 -> 279821.22
A124: =A15 -> Gulf Coast State College | B124: 126 | D124: =B124+C124 -> 126 | E124: 2168.0073 | F124: 144.69333 | G124: =E124+F124 -> 2312.7006 | H124: 549.16173 | I124: 35.977221 | J124: =H124+I124 -> 585.13895 | K124: 43.857868 | L124: 10.142132 | M124: =K124+L124 -> 54 | N124: 0 | O124: 0 | P124: =N124+O124 -> 0 | Q124: 190.28378 | R124: 8.7162246 | S124: =Q124+R124 -> 199 | T124: =D124+G124+J124+M124+P124+S124 -> 3276.8396 | V124: =X124-W124 -> 0 | W124: 0 | X124: 0 | Z124: =AB124-AA124 -> 0 | AA124: 0 | AB124: =AG124 -> 0 | AD124: =A124 -> Gulf Coast State College | AE124: 0 | AF124: 0 | AG124: =AE124+AF124 -> 0
A125: =A16 -> Hillsborough College | B125: 140 | D125: =B125+C125 -> 140 | E125: 9713.2079 | F125: 600.1323 | G125: =E125+F125 -> 10313.34 | H125: 4999.8099 | I125: 278.35274 | J125: =H125+I125 -> 5278.1627 | K125: 859.1157 | L125: 137.8843 | M125: =K125+L125 -> 997 | N125: 20 | O125: 0 | P125: =N125+O125 -> 20 | Q125: 277.52762 | R125: 6.4723757 | S125: =Q125+R125 -> 284 | T125: =D125+G125+J125+M125+P125+S125 -> 17032.503 | V125: =X125-W125 -> 0 | W125: 0 | X125: 0 | Z125: =AB125-AA125 -> 0 | AA125: 0 | AB125: =AG125 -> 0 | AD125: =A125 -> Hillsborough College | AE125: 0 | AF125: 0 | AG125: =AE125+AF125 -> 0 | AI125: This amount should agree with 2025-26 FTE-2A Report (Cell L82) | AO125: =AO119+AO123 -> 323302
A126: =A17 -> Indian River State College | B126: 1296 | D126: =B126+C126 -> 1296 | E126: 4843.9099 | F126: 164.15875 | G126: =E126+F126 -> 5008.0687 | H126: 2552.8931 | I126: 56.793519 | J126: =H126+I126 -> 2609.6867 | K126: 61.982143 | L126: 3.0178571 | M126: =K126+L126 -> 65 | N126: 4 | O126: 0 | P126: =N126+O126 -> 4 | Q126: 508.80182 | R126: 15.667426 | S126: =Q126+R126 -> 524.46925 | T126: =D126+G126+J126+M126+P126+S126 -> 9507.2246 | V126: =X126-W126 -> 0 | W126: 0 | X126: 0 | Z126: =AB126-AA126 -> 314 | AA126: 0 | AB126: =AG126 -> 314 | AD126: =A126 -> Indian River State College | AE126: 281 | AF126: 33 | AG126: =AE126+AF126 -> 314
A127: =A18 -> Florida Gateway College | B127: 139 | D127: =B127+C127 -> 139 | E127: 972.04544 | F127: 19.259018 | G127: =E127+F127 -> 991.30445 | H127: 438.39524 | I127: 8.0498105 | J127: =H127+I127 -> 446.44505 | K127: 41.757225 | L127: 1.2427746 | M127: =K127+L127 -> 43 | N127: 13 | O127: 0 | P127: =N127+O127 -> 13 | Q127: 365.23072 | R127: 2.3395562 | S127: =Q127+R127 -> 367.57027 | T127: =D127+G127+J127+M127+P127+S127 -> 2000.3198 | V127: =X127-W127 -> 0 | W127: 0 | X127: 0 | Z127: =AB127-AA127 -> 8 | AA127: 0 | AB127: =AG127 -> 8 | AD127: =A127 -> Florida Gateway College | AE127: 7 | AF127: 1 | AG127: =AE127+AF127 -> 8
A128: =A19 -> Lake-Sumter State College | B128: 326 | D128: =B128+C128 -> 326 | E128: 2770.4267 | F128: 57.403048 | G128: =E128+F128 -> 2827.8298 | H128: 739.41468 | I128: 11.243815 | J128: =H128+I128 -> 750.65849 | K128: 88.874227 | L128: 7.1257732 | M128: =K128+L128 -> 96 | N128: 0 | O128: 0 | P128: =N128+O128 -> 0 | Q128: 0 | R128: 0 | S128: =Q128+R128 -> 0 | T128: =D128+G128+J128+M128+P128+S128 -> 4000.4883 | V128: =X128-W128 -> 0 | W128: 0 | X128: 0 | Z128: =AB128-AA128 -> 0 | AA128: 0 | AB128: =AG128 -> 0 | AD128: =A128 -> Lake-Sumter State College | AE128: 0 | AF128: 0 | AG128: =AE128+AF128 -> 0
A129: =A20 -> State College of Florida, Manatee-Sarasota | B129: 540 | D129: =B129+C129 -> 540 | E129: 4503.396 | F129: 243.45799 | G129: =E129+F129 -> 4746.8539 | H129: 595.90187 | I129: 29.070889 | J129: =H129+I129 -> 624.97276 | K129: 130.37872 | L129: 17.621279 | M129: =K129+L129 -> 148 | N129: 5 | O129: 0 | P129: =N129+O129 -> 5 | Q129: 0 | R129: 0 | S129: =Q129+R129 -> 0 | T129: =D129+G129+J129+M129+P129+S129 -> 6064.8267 | V129: =X129-W129 -> 0 | W129: 0 | X129: 0 | Z129: =AB129-AA129 -> 0 | AA129: 0 | AB129: =AG129 -> 0 | AD129: =A129 -> State College of Florida, Manatee-Sarasota | AE129: 0 | AF129: 0 | AG129: =AE129+AF129 -> 0
A130: =A21 -> Miami Dade College | B130: 2684 | D130: =B130+C130 -> 2684 | E130: 32811.096 | F130: 1708.052 | G130: =E130+F130 -> 34519.148 | H130: 4800.2542 | I130: 228.85987 | J130: =H130+I130 -> 5029.1141 | K130: 1205.3644 | L130: 108.63555 | M130: =K130+L130 -> 1314 | N130: 108.94828 | O130: 0.051724138 | P130: =N130+O130 -> 109 | Q130: 749.32402 | R130: 36.675979 | S130: =Q130+R130 -> 786 | T130: =D130+G130+J130+M130+P130+S130 -> 44441.262 | V130: =X130-W130 -> 0 | W130: 0 | X130: 0 | Z130: =AB130-AA130 -> 14.229783 | AA130: 2427.7702 | AB130: =AG130 -> 2442 | AD130: =A130 -> Miami Dade College | AE130: 2441 | AF130: 1 | AG130: =AE130+AF130 -> 2442
A131: =A22 -> North Florida College | B131: 41 | D131: =B131+C131 -> 41 | E131: 437.9137 | F131: 17.798456 | G131: =E131+F131 -> 455.71216 | H131: 94.950131 | I131: 12.866142 | J131: =H131+I131 -> 107.81627 | K131: 10.632911 | L131: 1.3670886 | M131: =K131+L131 -> 12 | N131: 0 | O131: 0 | P131: =N131+O131 -> 0 | Q131: 89.71627 | R131: 8.1746032 | S131: =Q131+R131 -> 97.890873 | T131: =D131+G131+J131+M131+P131+S131 -> 714.4193 | V131: =X131-W131 -> 0 | W131: 0 | X131: 0 | Z131: =AB131-AA131 -> 0 | AA131: 0 | AB131: =AG131 -> 0 | AD131: =A131 -> North Florida College | AE131: 0 | AF131: 0 | AG131: =AE131+AF131 -> 0
A132: =A23 -> Northwest Florida State College | B132: 269 | D132: =B132+C132 -> 269 | E132: 1484.0341 | F132: 142.87217 | G132: =E132+F132 -> 1626.9063 | H132: 573.16556 | I132: 47.271386 | J132: =H132+I132 -> 620.43695 | K132: 41.113503 | L132: 5.8864971 | M132: =K132+L132 -> 47 | N132: 0 | O132: 0 | P132: =N132+O132 -> 0 | Q132: 220.32372 | R132: 3.9944186 | S132: =Q132+R132 -> 224.31814 | T132: =D132+G132+J132+M132+P132+S132 -> 2787.6614 | V132: =X132-W132 -> 0 | W132: 0 | X132: 0 | Z132: =AB132-AA132 -> 0 | AA132: 0 | AB132: =AG132 -> 0 | AD132: =A132 -> Northwest Florida State College | AE132: 0 | AF132: 0 | AG132: =AE132+AF132 -> 0
A133: =A24 -> Palm Beach State College | B133: 984 | D133: =B133+C133 -> 984 | E133: 12864.35 | F133: 627.31194 | G133: =E133+F133 -> 13491.662 | H133: 1513.7273 | I133: 40.026991 | J133: =H133+I133 -> 1553.7543 | K133: 436.05345 | L133: 43.946545 | M133: =K133+L133 -> 480 | N133: 16 | O133: 0 | P133: =N133+O133 -> 16 | Q133: 821.02278 | R133: 22.977224 | S133: =Q133+R133 -> 844 | T133: =D133+G133+J133+M133+P133+S133 -> 17369.416 | V133: =X133-W133 -> 0 | W133: 0 | X133: 0 | Z133: =AB133-AA133 -> 0 | AA133: 0 | AB133: =AG133 -> 0 | AD133: =A133 -> Palm Beach State College | AE133: 0 | AF133: 0 | AG133: =AE133+AF133 -> 0
A134: =A25 -> Pasco-Hernando State College | B134: 226 | D134: =B134+C134 -> 226 | E134: 3031.9108 | F134: 22.133209 | G134: =E134+F134 -> 3054.044 | H134: 1786.3048 | I134: 10.992645 | J134: =H134+I134 -> 1797.2974 | K134: 135.33588 | L134: 3.6641156 | M134: =K134+L134 -> 139 | N134: 14 | O134: 0 | P134: =N134+O134 -> 14 | Q134: 281.87154 | R134: 6.2850658 | S134: =Q134+R134 -> 288.1566 | T134: =D134+G134+J134+M134+P134+S134 -> 5518.4981 | V134: =X134-W134 -> 0 | W134: 0 | X134: 0 | Z134: =AB134-AA134 -> 0 | AA134: 0 | AB134: =AG134 -> 0 | AD134: =A134 -> Pasco-Hernando State College | AE134: 0 | AF134: 0 | AG134: =AE134+AF134 -> 0
A135: =A26 -> Pensacola State College | B135: 397 | D135: =B135+C135 -> 397 | E135: 3777.5502 | F135: 163.15178 | G135: =E135+F135 -> 3940.702 | H135: 1487.0687 | I135: 39.994512 | J135: =H135+I135 -> 1527.0632 | K135: 207.79528 | L135: 24.204724 | M135: =K135+L135 -> 232 | N135: 0 | O135: 0 | P135: =N135+O135 -> 0 | Q135: 386.85209 | R135: 10.366625 | S135: =Q135+R135 -> 397.21871 | T135: =D135+G135+J135+M135+P135+S135 -> 6493.9839 | V135: =X135-W135 -> 0 | W135: 0 | X135: 0 | Z135: =AB135-AA135 -> 0 | AA135: 0 | AB135: =AG135 -> 0 | AD135: =A135 -> Pensacola State College | AE135: 0 | AF135: 0 | AG135: =AE135+AF135 -> 0
A136: =A27 -> Polk State College | B136: 598 | D136: =B136+C136 -> 598 | E136: 3270.7289 | F136: 109.61996 | G136: =E136+F136 -> 3380.3489 | H136: 1482.6313 | I136: 33.569489 | J136: =H136+I136 -> 1516.2008 | K136: 90.688282 | L136: 16.311718 | M136: =K136+L136 -> 107 | N136: 0 | O136: 0 | P136: =N136+O136 -> 0 | Q136: 162.83749 | R136: 0.16251246 | S136: =Q136+R136 -> 163 | T136: =D136+G136+J136+M136+P136+S136 -> 5764.5497 | V136: =X136-W136 -> 0 | W136: 0 | X136: 0 | Z136: =AB136-AA136 -> 0 | AA136: 0 | AB136: =AG136 -> 0 | AD136: =A136 -> Polk State College | AE136: 0 | AF136: 0 | AG136: =AE136+AF136 -> 0
...

Sheet CHECK SHEET
A1: THE FLORIDA COLLEGE SYSTEM
A2: FALL 2026-27 COLLEGE OPERATING BUDGET CHECK SHEET
A4: THE PURPOSE OF THIS CHECK SHEET WILL ALLOW THE COLLEGE TO VERIFY THE OPERATING BUDGET DATA BEFORE SUBMITTING THE WORKBOOK TO THE BUDGET OFFICE
A7: 1. | C7: COLLEGE NAME: | D7: St. Petersburg College
A10: 2. | C10: The completed board-approved operating budget forms should be submitted electronically to collegereporting@fldoe.org, no later than Tuesday, June 30, 2026, to receive the scheduled disbursement of funds on or around July 15, 2026. However, if the board-approved operating budget is submitted after June 30, but before Friday, July 17th, the college will receive the July disbursement on or around Friday, July 24, 2026.
C12: EXHIBIT A must be signed by the President and submitted electronically as a scanned PDF file.
A15: 3. | C15: Ensure that unencumbered fund balance is not less than 5% of the total funds available (Linked to EXHIBIT A).
C17: =IF(+'EXHIBIT A'!E44>=0.0499,+'EXHIBIT A'!E44,"PERCENTAGE DOES NOT MEET STATUTORY GUIDELINES") -> 0.16158471
C18: YOU MUST COMPLETE AND SUBMIT "EXHIBIT F" IF THE UNALLOCATED FUND BALANCE IS BELOW 5 PERCENT IN ACCORDANCE WITH 1011.84(3)(e), FLORIDA STATUTES.
A21: 4. | C21: Information to verify the student fees at the institutions (please see sections 1009.22 and 1009.23, Florida Statutes for details):
C23: (a) Student Financial Aid Fees: Credit Programs - 5%; Credit total generated by student financial aid fee under $500,000 - 7%; Noncredit Programs - 10%.
C24: (b) Student Activity and Service Fee not in excess of 10% of resident tuition (not allowed for noncredit programs). The same rate is applied to resident and nonresident students.
C25: (c) Capital Improvement Fee may not exceed 20% for resident credit students or 20% of the total tuition and out-of-state fees for nonresident credit students.
C26: The fee for resident credit students is limited to an annual increase of $2 per credit hour over the prior year.
C27: The fees for resident noncredit programs are computed at 5% of tuition and nonresident noncredit programs are computed at 5% of tuition plus out-of-state fee.
C28: (d) Technology Fee may not exceed 5% for resident credit students or 5% of the tuition and out-of-state fees for nonresident students. Technology fees apply to baccalaureate,
C29: college credit and career certificate and applied technology diploma instruction.
A32: 5. | C32: In EXHIBIT C, verify that student fees agree with EXHIBIT D.
C34: =IF(+'EXHIBIT C'!H47+'EXHIBIT C(2)'!E31='EXHIBIT D'!G45,"Equal","Not Equal") -> Equal
A37: 6. | C37: Compare the student credit hours calculated by the Florida College System Budget Office with estimated credit hours of the college (FTE converted to 30 credit hours).
C38: Fee paying only (excludes dual enrollment, vocational prep, adult and apprenticeship programs).
D40: 2026-27 | E40: =D40 -> 2026-27
D41: BUDGET OFFICE IN-STATE | E41: COLLEGE IN-STATE | G41: DIFFERENCE
D42: ESTIMATED FTE | E42: ESTIMATED STUDENT | F42: % | G42: GREATER
C43: RESIDENT | D43: (CONVERTED TO 30 CRHR) | E43: CREDIT HOURS | F43: DIFFERENCE | G43: THAN 3%
C44: ADVANCED & PROFESSIONAL (BACCALAUREATE) | D44: =VLOOKUP($D$7,VLOOKUP!$A$116:$S$144,2)*30+D59 -> 72720 | E44: =+'EXHIBIT C'!F10 -> 74853.459 | F44: =IF(D44=0,"0",(E44/D44-1)) -> 0.029337995 | G44: =IF(OR(F44>3%, F44<-3%),"YES","NO") -> NO
C45: ADVANCED & PROFESSIONAL (LOWER LEVEL) | D45: =VLOOKUP($D$7,VLOOKUP!$A$116:$S$144,5)*30+D60 -> 216675.14 | E45: =+'EXHIBIT C'!F11 -> 237855.31 | F45: =IF(D45=0,"0",(E45/D45-1)) -> 0.097750807 | G45: =IF(OR(F45>3%, F45<-3%),"YES","NO") -> YES
C46: POSTSECONDARY VOCATIONAL | D46: =VLOOKUP($D$7,VLOOKUP!$A$116:$S$144,8)*30 -> 114973.08 | E46: =+'EXHIBIT C'!F12 -> 112195.47 | F46: =IF(D46=0,"0",(E46/D46-1)) -> -0.02415885 | G46: =IF(OR(F46>3%, F46<-3%),"YES","NO") -> NO
C47: CAREER CERTIFICATE AND APPLIED TECHNOLOGY DIPLOMA | D47: =VLOOKUP($D$7,VLOOKUP!$A$116:$S$144,17)*30 -> 3789.2364 | E47: =+'EXHIBIT C'!F13 -> 5699.7085 | F47: =IF(D47=0,"0",(E47/D47-1)) -> 0.50418391 | G47: =IF(OR(F47>3%, F47<-3%),"YES","NO") -> YES
C48: DEVELOPMENTAL EDUCATION | D48: =VLOOKUP($D$7,VLOOKUP!$A$116:$S$144,11)*30 -> 9658.4822 | E48: =+'EXHIBIT C'!F14 -> 13788.053 | F48: =IF(D48=0,"0",(E48/D48-1)) -> 0.42755897 | G48: =IF(OR(F48>3%, F48<-3%),"YES","NO") -> YES
C49: EDUCATOR PREPARATION INSTITUTES | D49: =VLOOKUP($D$7,VLOOKUP!$A$116:$S$144,14)*30 -> 0 | E49: =+'EXHIBIT C'!F15 -> 0 | F49: =IF(D49=0,"0",(E49/D49-1)) -> 0 | G49: =IF(OR(F49>3%, F49<-3%),"YES","NO") -> NO
C50: TOTAL | D50: =SUM(D44:D49) -> 417815.94 | E50: =+'EXHIBIT C'!F17 -> 444392 | F50: =IF(D50=0,"0",(E50/D50-1)) -> 0.063607085 | G50: =IF(OR(F50>3%, F50<-3%),"YES","NO") -> YES
C51: If the difference is greater than 3% in any of the areas, please provide an explanation in the box below. Note: If more space is needed, please provide the explanation in the College Operating Budget transmittal email.
C52: Explanation: Do not press Enter until complete.
C53: FTE 2 Justification Accepting Estimates:St. Petersburg College continuously monitors its FTE and accepts the DFC’s FTE-2 overall estimate of 15,720, a 2.4% increase over our FTE-1 adjusted estimate.The DFC’s estimate for the Upper Division is a (3.9%) increase over our FTE-1 estimate. With our Digital Media bachelor program started in Fall 2025 continuing to bring new enrollment and the continued success of recently launched programs (Cardiopulmonary Science, Secondary English Education, Prekindergarten/Primary Education), we expect a larger increase in this category, compared to last year. This is in line with the DFC’s FTE-2 estimate.DFC’s estimated increase in Lower Division AP (2.6%) over FTE-1 estimate is consistent with our estimates. Increased enrollment in our AA pathways, High school programs and FTIC population continue to have a positive impact in this area in 2025-26. A larger increase is expected based on our current Spring enrollment.The DFC estimated an increase in PSV (1.7%) over our FTE-1 estimate. Our associate in science (AS) and certificate program enrollment continues to grow within our larger academic communities (health sciences, business, and public safety). Together with the increased enrollment in the AA pathways, we estimate a slightly larger increase in 2025-26.Our PSAV program enrollment remains steady this year and no significant change is expected as the DFC estimated.The College agrees with the DFC’s estimate for College Prep of a (-1.9%) decrease over the FTE-1 estimate. Enrollment in this area was slightly less than anticipated in Spring 2026. The DFC estimated an increase in Apprenticeship of (0.5%) over our FTE-1 estimate. The College expects a small increase in this area with the growth of our Teacher Apprenticeship program. Adjusting Overall Projections:St. Petersburg College has revised its DFC FTE projections for 2027–2031, anticipating increase of 1.1% in 2027 followed by an annual growth of 0.2%–0.3% in following years. The initiatives listed below are expected to maintain a positive enrollment trend for the next 5 years.Program Expansion:The college anticipates strong growth in the upper‑division and PSV categories with the introduction of the Building Construction BAS and three new certificate programs: Financial Technology Specialist, Semiconductor Cleanroom Operator, and Veterinary Assisting. The credits earned in these certificates articulate directly into AS degree pathways and are expected to expand entry points for students, strengthen the enrollment pipeline, and support continued progression into advanced programs.Recruitment Initiatives:1.Enhanced outreach to high school graduates through personalized communication, expanded funding guidance, and deeper faculty engagement in high school settings to boost enrollment.2. Strengthened onboarding and transition support.3. Expanded early outreach: “Apply SPC,” “Next Stop, SPC,” and first-year experience programs. 4. Targeted efforts for stop-outs, adult learners, and readmits via flexible options and short-term credentials.5. Continuing to offer free summer American Government course for graduating seniors at all major campuses.6. Enhanced Baccalaureate admissions tracking to help identify barriers in the admissions process7. Embedding the career conversation in Recruitment to convert more Request for Information into applicationsRetention Initiatives:1. Mandatory orientation for all new students that guide students’ step‑by‑step through the registration process, ensuring they understand requirements, deadlines, and available support.2. Increased campus engagement through Student Life activities.3. Utilizing customized dashboards that will be used to strengthen student success efforts by highlighting risk indicators, tracking progression, and enabling timely interventions that keep students on path to completion.4. Debt Free degree nights where we provide information on ways to get to a debt free degree.
D55: =D40 -> 2026-27 | E55: =E40 -> 2026-27
D56: DIVISION OUT-OF-STATE | E56: COLLEGE OUT-OF-STATE | G56: DIFFERENCE
D57: ESTIMATED FTE | E57: ESTIMATED STUDENT | F57: % | G57: GREATER
C58: OUT-OF-STATE | D58: (CONVERTED TO 30 CRHR) | E58: CREDIT HOURS | F58: DIFFERENCE | G58: THAN 5%
C59: ADVANCED & PROFESSIONAL (BACCALAUREATE) | D59: =VLOOKUP($D$7,VLOOKUP!$A$116:$S$144,3)*30 -> 0 | E59: =+'EXHIBIT C'!D19 -> 1562.0985 | F59: =IF(D59=0,"0",(E59/D59-1)) -> 0 | G59: =IF(OR(F59>5%, F59<-5%),"YES","NO") -> NO
C60: ADVANCED & PROFESSIONAL (LOWER LEVEL) | D60: =VLOOKUP($D$7,VLOOKUP!$A$116:$S$144,6)*30 -> 9565.2814 | E60: =+'EXHIBIT C'!D20 -> 10251.319 | F60: =IF(D60=0,"0",(E60/D60-1)) -> 0.071721645 | G60: =IF(OR(F60>5%, F60<-5%),"YES","NO") -> YES
C61: POSTSECONDARY VOCATIONAL | D61: =VLOOKUP($D$7,VLOOKUP!$A$116:$S$144,9)*30 -> 4296.5401 | E61: =+'EXHIBIT C'!D21 -> 4198.0162 | F61: =IF(D61=0,"0",(E61/D61-1)) -> -0.02293099 | G61: =IF(OR(F61>5%, F61<-5%),"YES","NO") -> NO
C62: CAREER CERTIFICATE AND APPLIED TECHNOLOGY DIPLOMA | D62: =VLOOKUP($D$7,VLOOKUP!$A$116:$S$144,18)*30 -> 1880.7636 | E62: =+'EXHIBIT C'!D22 -> 242.93072 | F62: =IF(D62=0,"0",(E62/D62-1)) -> -0.870834 | G62: =IF(OR(F62>5%, F62<-5%),"YES","NO") -> YES
C63: DEVELOPMENTAL EDUCATION | D63: =VLOOKUP($D$7,VLOOKUP!$A$116:$S$144,12)*30 -> 1201.5178 | E63: =+'EXHIBIT C'!D23 -> 1176.6802 | F63: =IF(D63=0,"0",(E63/D63-1)) -> -0.020671838 | G63: =IF(OR(F63>5%, F63<-5%),"YES","NO") -> NO
C64: EDUCATOR PREPARATION INSTITUTES | D64: =VLOOKUP($D$7,VLOOKUP!$A$116:$S$144,15)*30 -> 0 | E64: =+'EXHIBIT C'!D24 -> 0 | F64: =IF(D64=0,"0",(E64/D64-1)) -> 0 | G64: =IF(OR(F64>5%, F64<-5%),"YES","NO") -> NO
C65: TOTAL | D65: =SUM(D59:D64) -> 16944.103 | E65: =SUM(E59:E64) -> 17431.045 | F65: =IF(D65=0,"0",(E65/D65-1)) -> 0.028738131 | G65: =IF(OR(F65>5%, F65<-5%),"YES","NO") -> NO
C66: If the difference is greater than 5% in any of the areas, please provide an explanation in the box below. Note: If more space is needed please provide the explanation in the College Operating Budget transmittal email.
C67: Explanation: Do not press Enter until complete.
C68: FTE 2 Justification Accepting Estimates:St. Petersburg College continuously monitors its FTE and accepts the DFC’s FTE-2 overall estimate of 15,720, a 2.4% increase over our FTE-1 adjusted estimate.The DFC’s estimate for the Upper Division is a (3.9%) increase over our FTE-1 estimate. With our Digital Media bachelor program started in Fall 2025 continuing to bring new enrollment and the continued success of recently launched programs (Cardiopulmonary Science, Secondary English Education, Prekindergarten/Primary Education), we expect a larger increase in this category, compared to last year. This is in line with the DFC’s FTE-2 estimate.DFC’s estimated increase in Lower Division AP (2.6%) over FTE-1 estimate is consistent with our estimates. Increased enrollment in our AA pathways, High school programs and FTIC population continue to have a positive impact in this area in 2025-26. A larger increase is expected based on our current Spring enrollment.The DFC estimated an increase in PSV (1.7%) over our FTE-1 estimate. Our associate in science (AS) and certificate program enrollment continues to grow within our larger academic communities (health sciences, business, and public safety). Together with the increased enrollment in the AA pathways, we estimate a slightly larger increase in 2025-26.Our PSAV program enrollment remains steady this year and no significant change is expected as the DFC estimated.The College agrees with the DFC’s estimate for College Prep of a (-1.9%) decrease over the FTE-1 estimate. Enrollment in this area was slightly less than anticipated in Spring 2026. The DFC estimated an increase in Apprenticeship of (0.5%) over our FTE-1 estimate. The College expects a small increase in this area with the growth of our Teacher Apprenticeship program. Adjusting Overall Projections:St. Petersburg College has revised its DFC FTE projections for 2027–2031, anticipating increase of 1.1% in 2027 followed by an annual growth of 0.2%–0.3% in following years. The initiatives listed below are expected to maintain a positive enrollment trend for the next 5 years.Program Expansion:The college anticipates strong growth in the upper‑division and PSV categories with the introduction of the Building Construction BAS and three new certificate programs: Financial Technology Specialist, Semiconductor Cleanroom Operator, and Veterinary Assisting. The credits earned in these certificates articulate directly into AS degree pathways and are expected to expand entry points for students, strengthen the enrollment pipeline, and support continued progression into advanced programs.Recruitment Initiatives:1.Enhanced outreach to high school graduates through personalized communication, expanded funding guidance, and deeper faculty engagement in high school settings to boost enrollment.2. Strengthened onboarding and transition support.3. Expanded early outreach: “Apply SPC,” “Next Stop, SPC,” and first-year experience programs.4. Targeted efforts for stop-outs, adult learners, and readmits via flexible options and short-term credentials. 5. Continuing to offer free summer American Government course for graduating seniors at all major campuses.6. Enhanced Baccalaureate admissions tracking to help identify barriers in the admissions process 7. Embedding the career conversation in Recruitment to convert more Request for Information into applications. Retention Initiatives:1. Mandatory orientation for all new students that guide students’ step‑by‑step through the registration process, ensuring they understand requirements, deadlines, and available support.2. Increased campus engagement through Student Life activities.3. Utilizing customized dashboards that will be used to strengthen student success efforts by highlighting risk indicators, tracking progression, and enabling timely interventions that keep students on path to completion.4. Debt Free degree nights where we provide information on ways to get to a debt free degree.
A71: 7. | C71: Verify that the transfer information in EXHIBIT C is explained and in agreement with EXHIBITS A and D.
C73: TRANSFERS IN:
C74: =IF(+'EXHIBIT A'!E19='EXHIBIT C'!B70,"Equal","Not Equal") -> Equal | D74: EXHIBIT C Transfers In agree with EXHIBIT A
C75: =IF('EXHIBIT C'!B70=SUM('EXHIBIT D'!G133+'EXHIBIT D'!G134),"Equal","Not Equal") -> Equal | D75: EXHIBIT C Transfers In agree with EXHIBIT D
C76: TRANSFERS OUT:
C77: =IF((+'EXHIBIT A'!E26)='EXHIBIT C'!B61,"Equal","Not Equal") -> Equal | D77: EXHIBIT C Transfers Out agree with EXHIBIT A
C78: =IF('EXHIBIT C'!B61=SUM('EXHIBIT D'!G222+'EXHIBIT D'!G223),"Equal","Not Equal") -> Equal | D78: EXHIBIT C Transfers Out agree with EXHIBIT D
A81: 8. | C81: In EXHIBIT D, verify that state appropriations required to be budgeted in Fund 1 are accurate. (The following appropriations must be in agreement on Exhibit D).
C83: APPROPRIATIONS | D83: GENERAL APPROPRIATIONS ACT | E83: EXHIBIT D | F83: DIFFERENCE
C84: FLORIDA COLLEGE SYSTEM PROGRAM FUND (FCSPF) - GENERAL REVENUE (GL 42110) | D84: =VLOOKUP($D$7,VLOOKUP!$A$7:$E$35,2) -> 81244931 | E84: =+'EXHIBIT D'!G77 -> 81244931 | F84: =D84-E84 -> 0
C85: FCSPF - PERFORMANCE BASED INCENTIVES (GL 42150) | D85: =VLOOKUP($D$7,VLOOKUP!$A$157:$B$185,2) -> 1479966 | E85: ='EXHIBIT D'!G79 -> 1479966 | F85: =D85-E85 -> 0
C86: FCSPF - LOTTERY (GL 42610) | D86: =VLOOKUP($D$7,VLOOKUP!$A$7:$E$35,3) -> 14666330 | E86: ='EXHIBIT D'!G82 -> 14666330 | F86: =D86-E86 -> 0
C87: PIPELINE (GL Code 42130) | D87: =VLOOKUP($D$7,VLOOKUP!$A$192:$B$220,2) -> 1845523 | E87: ='EXHIBIT D'!G78 -> 1845523 | F87: =D87-E87 -> 0
C88: TOTAL | D88: =SUM(D84:D87) -> 99236750 | E88: =SUM(E84:E87) -> 99236750 | F88: =SUM(F84:F87) -> 0
A91: 9. | C91: Verify that all EXHIBIT E totals for personnel, current expense and capital outlay equal the same totals in EXHIBIT D.
C93: =IF(+'EXHIBIT E'!B21=+'EXHIBIT D'!G194,"Equal","Not Equal") -> Equal | D93: PERSONNEL
C94: =IF(+'EXHIBIT E'!C21=+'EXHIBIT D'!G228,"Equal","Not Equal") -> Equal | D94: CURRENT EXPENSE
C95: =IF(+'EXHIBIT E'!D21=+'EXHIBIT D'!G246,"Equal","Not Equal") -> Equal | D95: CAPITAL OUTLAY
C96: =IF(+'EXHIBIT E'!E21=+'EXHIBIT D'!G248,"Equal","Not Equal") -> Equal | D96: TOTAL
A99: 10. | C99: Estimated Unencumbered Fund Balance as of June 30, 2026 (populated from EXHIBIT A) is equal to Total Available Fund Balance as of June 30, 2026 minus the Encumbered Reserves (populated from EXHIBIT D).
C101: =+'EXHIBIT A'!E40 -> 58967500 | D101: Estimated Unencumbered Fund Balance - As of June 30, 2026
C102: ='EXHIBIT D'!G266-'EXHIBIT D'!G252-'EXHIBIT D'!G264 -> 58967500 | D102: Total Available Fund Balance June 30, 2026 minus Encumbrances
C103: =C101-C102 -> 0 | D103: Difference -- The Estimated Unencumbered Fund Balance and the Total Available Fund Balance minus Encumbered Reserves should equal "zero" (0). If not, please verify that the amounts automatically populated in Cells C101 and C102 are reported correctly on Exhibits A and D.
A106: 11. | C106: The Beginning and Ending Compensated Absence Reserve Balances should equal "zero (0)" in Cell C108, unless an amount was budgeted for the Compensated Absence Expense (GLC 59300) in Cell C112. Please note if there is a "Difference" in Cell C110, then the same amount should agree with the budgeted Compensated Absence Expense automatically populated in Cell C112.
C108: ='EXHIBIT A'!E14 -> 129400000 | D108: (Beginning Compensated Absence Reserve) - As of July 1, 2026
C109: ='EXHIBIT A'!E36 -> 130150000 | D109: (Ending Compensated Absence Reserve) - Estimated at June 30, 2027
C110: =C108-C109 -> -750000 | D110: Difference
C112: ='EXHIBIT D'!G186 -> 750000 | D112: Amount budgeted in GLC 59300 for the Compensated Absence Expense
C114: =C110+C112 -> 0 | D114: Cell C114 should be "zero (0)". If this cell is red, please verify that the amounts automatically populated in Cells C108, C109 and C112 are reported correctly.
A117: 12. | C117: Verify that EXHIBIT G, Resident and Nonresident Student Fee Revenue, has been generated based on the Baccalaureate Resident and Nonresident Tuition from EXHIBIT C.
C119: =IF('EXHIBIT G'!D117=0,"No Credit Hours or Not Applicable",('EXHIBIT G'!D117/'EXHIBIT C'!F10)) -> 91.79 | D119: Resident
C121: =IF('EXHIBIT G'!D118=0,"No Credit Hours or Not Applicable",('EXHIBIT G'!D118/'EXHIBIT C'!D19)) -> 275.53 | D121: Nonresident
A124: 13. | C124: Verify that EXHIBIT G, Resident and Nonresident Student Fee Revenue, agrees with EXHIBIT C.
C126: =IF(+'EXHIBIT G'!D117='EXHIBIT C'!H10,"Equal","Not Equal") -> Equal | D126: EXHIBIT G, Upper Level - Resident Student Fee Revenue (Cell D118) should agree with EXHIBIT C, Upper Level - Budgeted Fee Revenues (Cell H10).
C129: =IF(+'EXHIBIT G'!D118='EXHIBIT C'!F19,"Equal","Not Equal") -> Equal | D129: EXHIBIT G, Upper Level - Nonresident Student Fee Revenue (Cell D119) should agree with EXHIBIT C, Upper Level - Budgeted Fee Revenues (Cell F19).
A133: 14. | C133: EXHIBIT G, Grand Total Expenditures ( Row 113) should agree with Total Source of Funds (Row 129). There should be adequate sources of funds to cover the cost of the expenditures reported. Below, Cell C135 will turn red if the Grand Total Expenditures and the Total Source of Funds are not equal. Make sure whole numbers are used in Exhibits C and G to prevent rounding issues. Please provide an explanation in the box provided below.
C135: =IF(+'EXHIBIT G'!F112='EXHIBIT G'!F128,"Equal","Not Equal") -> Equal | D135: Grand Total Expenditures and Total Sources of Funds
C137: EXPLANATION: Do not press Enter until complete.

Sheet EXHIBIT A
B1: EXHIBIT A
B2: THE FLORIDA COLLEGE SYSTEM
B3: COLLEGE OPERATING BUDGET
B4: ANNUAL BUDGET SUMMARY
B5: FISCAL YEAR 2026-27
B8: COLLEGE: | C8: ='CHECK SHEET'!D7 -> St. Petersburg College
E10: CURRENT FUNDS - UNRESTRICTED
B11: BEGINNING FUND BALANCE - JULY 1, 2026:
B13: ESTIMATED AFR FUND BALANCE - JUNE 30, 2026 (IF DEBIT BALANCE USE "MINUS SIGN") | E13: 56800000
B14: ADD AMOUNT EXPECTED TO BE FINANCED IN FUTURE YEARS (USE PLUS SIGN) | E14: 129400000
B16: TOTAL RESERVE AND UNENCUMBERED FUND BALANCE - JULY 1, 2026 | E16: =+E14+E13 -> 186200000
B18: ADD: REVENUES | E18: =+'EXHIBIT D'!G143-SUM(+'EXHIBIT D'!G133+'EXHIBIT D'!G134) -> 166822544
B19: TRANSFERS IN | E19: =+'EXHIBIT D'!G133+'EXHIBIT D'!G134 -> 11909887
B21: TOTAL RECEIPTS | E21: =+E19+E18 -> 178732431
B23: TOTAL ESTIMATED AVAILABLE | E23: =+E21+E16 -> 364932431
B25: DEDUCT: EXPENDITURES | E25: ='EXHIBIT D'!G248-SUM(+'EXHIBIT D'!G222+'EXHIBIT D'!G223) -> 1.7813356e+08
B26: TRANSFERS OUT | E26: ='EXHIBIT D'!G222+'EXHIBIT D'!G223 -> 598873.91
B28: TOTAL DISBURSEMENTS | E28: =+E26+E25 -> 1.7873243e+08
B30: ESTIMATED FUND BALANCE - JUNE 30, 2026:
B32: TOTAL AVAILABLE LESS DISBURSEMENTS | D32: =+E23-E28 -> 1.862e+08
B33: ADD ACCRUED LEAVE EXPENSE (GLC 59300) | D33: =+'EXHIBIT D'!G186 -> 750000
B35: TOTAL ESTIMATED RESERVE AND UNENCUMBERED FUND BALANCE - JUNE 30, 2027 | E35: =+D32+D33 -> 1.8695e+08
B36: LESS ESTIMATED AMOUNT EXPECTED TO BE FINANCED IN FUTURE YEARS (GLC 30800) - JUNE 30, 2027 | E36: =-'EXHIBIT D'!G264 -> 130150000
B38: TOTAL ESTIMATED FUND BALANCE - JUNE 30, 2027 | E38: =+E35-E36 -> 56800000
B40: ESTIMATED UNENCUMBERED FUND BALANCE - JUNE 30, 2027 | E40: ='EXHIBIT D'!G253+'EXHIBIT D'!G254+'EXHIBIT D'!G255+'EXHIBIT D'!G256+'EXHIBIT D'!G257+'EXHIBIT D'!G258+'EXHIBIT D'!G259+'EXHIBIT D'!G260 -> 58967500
B41: (Includes GL's: 30200, 30300, 30400, 30500, 30600, 30700, 30900, and 31100)
B43: PERCENT OF ESTIMATED UNENCUMBERED FUND BALANCE
B44: AS OF JUNE 30, 2027, TO ESTIMATED FUNDS AVAILABLE | E44: =+E40/E23 -> 0.16158471
B46: CERTIFY BOARD OF TRUSTEES APPROVAL:
B51: COLLEGE PRESIDENT | E51: DATE

Sheet EXHIBIT B
I1: EXHIBIT B
A3: THE FLORIDA COLLEGE SYSTEM
A4: COLLEGE OPERATING BUDGET
A5: FALL 2026-27 STUDENT TUITION AND FEE RATES AND BLOCK TUITION
A6: (UPPER AND LOWER LEVELS)
C8: COLLEGE: | D8: ='CHECK SHEET'!D7 -> St. Petersburg College
B11: RESIDENT STUDENTS
B12: TUITION AND FEES PER CREDIT HOUR & BLOCK TUITION
A13: PROGRAMS | B13: TUITION | C13: STUDENT FINANCIAL AID FEE (1) | D13: STUDENT ACTIVITY FEE (1) | E13: CAPITAL IMPROVEMENT FEE (1) | F13: TECHNOLOGY FEE (1) | G13: TOTAL | H13: TUITION AND FEES FOR ACADEMIC YEAR (30 HOURS)
A14: UPPER LEVEL - BACCALAUREATE | B14: 91.79 | C14: 4.59 | D14: 9.18 | E14: 12.55 | F14: 4.59 | G14: =SUM(B14:F14) -> 122.7 | H14: =G14*30 -> 3681
A15: LOWER LEVEL - CREDIT (A & P, PSV, DEVELOPMENTAL EDUCATION AND EPI) | B15: 80.94 | C15: 4.04 | D15: 7.63 | E15: 15.1 | F15: 4.04 | G15: =SUM(B15:F15) -> 111.75 | H15: =G15*30 -> 3352.5
A16: CAREER CERTIFICATE AND APPLIED TECHNOLOGY DIPLOMA | B16: 68.6 | C16: 0 | E16: 3.43 | F16: 3.43 | G16: =SUM(B16:F16) -> 75.46 | H16: =G16*30 -> 2263.8
A18: PROGRAMS | B18: BLOCK TUITION | G18: TOTAL | H18: BLOCK TUITION PER TERM OR PER HALF YEAR
A19: VOCATIONAL PREPARATORY (PER TERM) | B19: 0 | G19: =B19 -> 0 | H19: =G19*3 -> 0
A20: ADULT GENERAL EDUCATION AND SECONDARY (PER TERM) | B20: 0 | G20: =B20 -> 0 | H20: =G20*3 -> 0
A22: VOCATIONAL PREPARATORY (PER HALF YEAR) | B22: 0 | G22: =B22 -> 0 | H22: =G22*2 -> 0
A23: ADULT GENERAL EDUCATION AND SECONDARY (PER HALF YEAR) | B23: 0 | G23: =B23 -> 0 | H23: =G23*2 -> 0
B26: NONRESIDENT STUDENTS
B27: TUITION AND FEES PER CREDIT HOUR & BLOCK TUITION
A28: PROGRAMS | B28: TUITION | C28: OUT-OF-STATE FEES | D28: STUDENT FINANCIAL AID FEE (1) | E28: STUDENT ACTIVITY FEE (1) | F28: CAPITAL IMPROVEMENT FEE (1) | G28: TECHNOLOGY FEE (1) | H28: TOTAL | I28: TUITION AND FEES FOR ACADEMIC YEAR (30 HOURS)
A29: =A14 -> UPPER LEVEL - BACCALAUREATE | B29: =B14 -> 91.79 | C29: 275.53 | D29: 18.37 | E29: =D14 -> 9.18 | F29: 12.55 | G29: 18.37 | H29: =SUM(B29:G29) -> 425.79 | I29: =H29*30 -> 12773.7
A30: =A15 -> LOWER LEVEL - CREDIT (A & P, PSV, DEVELOPMENTAL EDUCATION AND EPI) | B30: =B15 -> 80.94 | C30: 242.97 | D30: 16.2 | E30: =D15 -> 7.63 | F30: 22.96 | G30: 16.2 | H30: =SUM(B30:G30) -> 386.9 | I30: =H30*30 -> 11607
A31: =A16 -> CAREER CERTIFICATE AND APPLIED TECHNOLOGY DIPLOMA | B31: =B16 -> 68.6 | C31: 205.82 | D31: 0 | F31: 13.72 | G31: 13.72 | H31: =SUM(B31:G31) -> 301.86 | I31: =H31*30 -> 9055.8
A32: DISTANCE LEARNING (2) | B32: 0 | C32: 0 | D32: 0 | F32: 0 | G32: 0 | H32: =SUM(B32:G32) -> 0 | I32: =H32*30 -> 0
A34: PROGRAMS | B34: BLOCK TUITION | H34: TOTAL | I34: BLOCK TUITION PER TERM OR PER HALF YEAR
A35: =A19 -> VOCATIONAL PREPARATORY (PER TERM) | B35: =B19 -> 0 | H35: =B35 -> 0 | I35: =H35*3 -> 0
A36: =A20 -> ADULT GENERAL EDUCATION AND SECONDARY (PER TERM) | B36: =B20 -> 0 | H36: =B36 -> 0 | I36: =H36*3 -> 0
A38: =A22 -> VOCATIONAL PREPARATORY (PER HALF YEAR) | B38: =B22 -> 0 | H38: =B38 -> 0 | I38: =H38*2 -> 0
A39: =A23 -> ADULT GENERAL EDUCATION AND SECONDARY (PER HALF YEAR) | B39: =B23 -> 0 | H39: =B39 -> 0 | I39: =H39*2 -> 0
A41: Note:
A42: (1) These Fees Are Not Required. The 2026-27 Fee Audit and Discretionary Fee calculations are provided at the end of the Workbook, to assist the college in verifying that the tuition and fee
A43: rates are in compliance with sections 1009.22 and 1009.23, Florida Statutes.
A44: (2)HB 1285- Beginning with the 2024-25 academic year, Miami Dade College, Polk State College, and Tallahassee State College are authorized to charge an amount not to exceed $290 per
A45: credit hour for nonresident tuition and fees for distance learning. Such institutions may phase in this nonresident tuition rate by degree program.

Sheet EXHIBIT C
H1: EXHIBIT C
A2: THE FLORIDA COLLEGE SYSTEM
A3: FALL 2026-27 BUDGET WORKSHEET FOR ESTIMATED STUDENT TUITION AND TRANSFERS
A5: COLLEGE: | B5: ='CHECK SHEET'!D7 -> St. Petersburg College
A7: l. BUDGET WORKSHEET FOR ESTIMATED STUDENT FEES PER CREDIT HOUR
A9: STUDENT TUITION | B9: DISCIPLINE | C9: GENERAL LEDGER CODE | D9: TOTAL PLANNED CREDIT HOURS | E9: FEE EXEMPT, DUAL ENROLLMENT & APPRENTICESHIP, ETC. | F9: TOTAL FEE PAYING | G9: CHARGE PER STUDENT CREDIT HOUR | H9: BUDGETED FEE REVENUES
A10: TUITION | B10: ADVANCED & PROFESSIONAL (UPPER LEVEL - BACCALAUREATE) | C10: 40101 | D10: 74853.459 | E10: 0 | F10: =+D10-E10 -> 74853.459 | G10: ='EXHIBIT B'!B14 -> 91.79 | H10: =ROUND(+F10*G10,0) -> 6870799
A11: TUITION | B11: ADVANCED & PROFESSIONAL (LOWER LEVEL) | C11: 40110 | D11: 237855.31 | E11: 0 | F11: =+D11-E11 -> 237855.31 | G11: =+'EXHIBIT B'!B15 -> 80.94 | H11: =ROUND(+F11*G11,0) -> 19252009
A12: TUITION | B12: POSTSECONDARY VOCATIONAL | C12: 40120 | D12: 112195.47 | E12: 0 | F12: =+D12-E12 -> 112195.47 | G12: =+'EXHIBIT B'!B15 -> 80.94 | H12: =ROUND(+F12*G12,0) -> 9081101
A13: TUITION | B13: CAREER CERTIFICATE AND APPLIED TECHNOLOGY DIPLOMA | C13: 40130 | D13: 5699.7085 | E13: 0 | F13: =+D13-E13 -> 5699.7085 | G13: =+'EXHIBIT B'!B16 -> 68.6 | H13: =ROUND(+F13*G13,0) -> 391000
A14: TUITION | B14: DEVELOPMENTAL EDUCATION | C14: 40150 | D14: 13788.053 | E14: 0 | F14: =+D14-E14 -> 13788.053 | G14: =+'EXHIBIT B'!B15 -> 80.94 | H14: =ROUND(+F14*G14,0) -> 1116005
A15: TUITION | B15: EDUCATOR PREPARATION INSTITUTES | C15: 40160 | D15: 0 | E15: 0 | F15: =+D15-E15 -> 0 | G15: =+'EXHIBIT B'!B15 -> 80.94 | H15: =ROUND(+F15*G15,0) -> 0
B17: SUBTOTAL | D17: =SUM(D10:D15) -> 444392 | E17: =SUM(E10:E15) -> 0 | F17: =SUM(F10:F15) -> 444392 | H17: =SUM(H10:H15) -> 36710914
A18: STUDENT OUT-OF STATE FEES | B18: DISCIPLINE | C18: GENERAL LEDGER CODE | D18: ESTIMATED FEE PAYING OUT-OF-STATE CREDIT HOURS | E18: CHARGE PER STUDENT CREDIT HOUR | F18: BUDGETED FEE REVENUES
A19: OUT-OF-STATE FEES | B19: ADVANCED & PROFESSIONAL (UPPER LEVEL - BACCALAUREATE) | C19: 40301 | D19: 1562.0985 | E19: ='EXHIBIT B'!C29 -> 275.53 | F19: =ROUND(+D19*E19,0) -> 430405
A20: OUT-OF-STATE FEES | B20: ADVANCED & PROFESSIONAL (LOWER LEVEL) | C20: 40310 | D20: 10251.319 | E20: =+'EXHIBIT B'!C30 -> 242.97 | F20: =ROUND(+D20*E20,0) -> 2490763
A21: OUT-OF-STATE FEES | B21: POSTSECONDARY VOCATIONAL | C21: 40320 | D21: 4198.0162 | E21: =+'EXHIBIT B'!C30 -> 242.97 | F21: =ROUND(+D21*E21,0) -> 1019992
A22: OUT-OF-STATE FEES | B22: CAREER CERTIFICATE AND APPLIED TECHNOLOGY DIPLOMA | C22: 40330 | D22: 242.93072 | E22: =+'EXHIBIT B'!C31 -> 205.82 | F22: =ROUND(+D22*E22,0) -> 50000
A23: OUT-OF-STATE FEES | B23: DEVELOPMENTAL EDUCATION | C23: 40350 | D23: 1176.6802 | E23: =+'EXHIBIT B'!C30 -> 242.97 | F23: =ROUND(+D23*E23,0) -> 285898
A24: OUT-OF-STATE FEES | B24: EDUCATOR PREPARATION INSTITUTES & ALTERNATIVE CERTIFICATION CURRICULUM | C24: 40360 | D24: 0 | E24: =+'EXHIBIT B'!C30 -> 242.97 | F24: =ROUND(+D24*E24,0) -> 0
A25: OUT-OF-STATE FEES | B25: DISTANCE LEARNING | C25: XXXXX | D25: 0 | E25: =+'EXHIBIT B'!H32 -> 0 | F25: =ROUND(+D25*E25,0) -> 0
B27: SUBTOTAL | D27: =SUM(D19:D25) -> 17431.045 | F27: =SUM(F19:F25) -> 4277058
A28: TOTAL STUDENT TUITION AND OUT-OF-STATE FEES | H28: =H17+F27 -> 40987972
A30: II. BUDGET WORKSHEET FOR ESTIMATED STUDENT TUITION (CONTINUED)
A32: STUDENT BLOCK TUITION | B32: DISCIPLINE | C32: GENERAL LEDGER CODE | D32: TOTAL ANNUAL HEADCOUNT UNDUPLICATED BY TERM/BLOCK | E32: FEE EXEMPT | F32: TOTAL FEE PAYING | G32: BLOCK TUITION CHARGED | H32: BUDGETED FEE REVENUES
A33: BLOCK TUITION (PER TERM) | B33: VOCATIONAL PREPARATORY | C33: 40180 | D33: 0 | E33: 0 | F33: =D33-E33 -> 0 | G33: ='EXHIBIT B'!B19 -> 0 | H33: =ROUND(+F33*G33,0) -> 0
A34: BLOCK TUITION (PER TERM) | B34: ADULT GENERAL EDUCATION AND SECONDARY | C34: 40190 | D34: 0 | E34: 0 | F34: =D34-E34 -> 0 | G34: ='EXHIBIT B'!B20 -> 0 | H34: =ROUND(+F34*G34,0) -> 0
A35: BLOCK TUITION (PER HALF YEAR) | B35: VOCATIONAL PREPARATORY | C35: 40180 | D35: 0 | E35: 0 | F35: =D35-E35 -> 0 | G35: ='EXHIBIT B'!B22 -> 0 | H35: =ROUND(+F35*G35,0) -> 0
A36: BLOCK TUITION (PER HALF YEAR) | B36: ADULT GENERAL EDUCATION AND SECONDARY | C36: 40190 | D36: 0 | E36: 0 | F36: =D36-E36 -> 0 | G36: ='EXHIBIT B'!B23 -> 0 | H36: =ROUND(+F36*G36,0) -> 0
B37: SUBTOTAL | D37: =SUM(D33:D36) -> 0 | E37: =SUM(E33:E36) -> 0 | F37: =D37-E37 -> 0 | H37: =SUM(H33:H36) -> 0
A39: NONRESIDENT BLOCK TUITION | B39: DISCIPLINE | C39: GENERAL LEDGER CODE | D39: TOTAL ANNUAL HEADCOUNT UNDUPLICATED BY TERM/BLOCK | E39: BLOCK TUITION CHARGED | F39: BUDGETED FEE REVENUES
A40: BLOCK TUITION (PER TERM) | B40: VOCATIONAL PREPARATORY | C40: 40380 | D40: 0 | E40: ='EXHIBIT B'!B35 -> 0 | F40: =D40*E40 -> 0
A41: BLOCK TUITION (PER TERM) | B41: ADULT GENERAL EDUCATION AND SECONDARY | C41: 40390 | D41: 0 | E41: ='EXHIBIT B'!B36 -> 0 | F41: =D41*E41 -> 0
A42: BLOCK TUITION (PER HALF YEAR) | B42: VOCATIONAL PREPARATORY | C42: 40380 | D42: 0 | E42: ='EXHIBIT B'!B38 -> 0 | F42: =D42*E42 -> 0
A43: BLOCK TUITION (PER HALF YEAR) | B43: ADULT GENERAL EDUCATION AND SECONDARY | C43: 40390 | D43: 0 | E43: ='EXHIBIT B'!B39 -> 0 | F43: =D43*E43 -> 0
B44: SUBTOTAL | D44: =SUM(D40:D43) -> 0 | F44: =SUM(F40:F43) -> 0
A45: TOTAL BLOCK TUITION | H45: =H37+F44 -> 0
A47: GRAND TOTAL STUDENT FEES | H47: =H28+H45 -> 40987972
A49: III. TRANSFER IN AND OUT INFORMATION:
A51: IF YOU ENTER AN AMOUNT BELOW, YOU MUST ENTER THE APPROPRIATE FUND NUMBER IN THE "FUND TRANSFERRED FROM" COLUMN AND THE "FUND TRANSFERRED TO" COLUMN. PLEASE DO NOT LEAVE BLANK.
A52: PURPOSE OF TRANSFER | B52: AMOUNT | C52: FUND TRANSFERRED FROM | E52: FUND TRANSFERRED TO
A54: TRANSFERS OUT:
A55: Current | B55: 0
B56: 0
A57: GASB Lease requierements | B57: 598873.91 | C57: FUND 1 | E57: FUND 1
B58: 0
B59: 0
B60: 0
A61: TOTAL TRANSFERS OUT | B61: =SUM(B55:B60) -> 598873.91
A63: TRANSFERS IN:
A64: Auxiliary | B64: 0
B65: 0
A66: Student direct costs, instruction & instiutional support | B66: 2500000 | C66: FUND 3 | E66: FUND 1
A67: Transfer in (1013.841, F.S) and Reserve | B67: 9409887 | C67: FUND 1 | E67: FUND 1
B68: 0
B69: 0
A70: TOTAL TRANSFERS IN | B70: =SUM(B64:B69) -> 11909887
A71: TOTAL ALL TRANSFERS | B71: =+B70+B61 -> 12508761

Sheet EXHIBIT D
A2: COLLEGE: | B2: ='CHECK SHEET'!D7 -> St. Petersburg College
A3: SCHEDULE OF BUDGETED REVENUES, EXPENDITURES, AND FUND BALANCE
A4: BY GENERAL LEDGER CODE
A5: FOR THE FISCAL YEAR 2026-27
A7: Enter amounts only for cells highlighted in light yellow. The cells not highlighted have been automatically populated from other exhibits. If the amount is incorrect, changes must be made in the cell of the referenced exhibits.
B9: ACCOUNT TITLE | F9: GENERAL LEDGER CODE | G9: CURRENT FUNDS - UNRESTRICTED LOWER AND UPPER LEVEL
A10: STUDENT TUITION
A12: TUITION | C12: ADVANCED & PROFESSIONAL (UPPER LEVEL - BACCALAUREATE) | F12: 40101 | G12: =+'EXHIBIT C'!H10+'EXHIBIT C(2)'!E13 -> 6870799
A13: TUITION | C13: ADVANCED & PROFESSIONAL (LOWER LEVEL) | F13: 40110 | G13: =+'EXHIBIT C'!H11+'EXHIBIT C(2)'!E14 -> 19252009
A14: TUITION | C14: POSTSECONDARY VOCATIONAL | F14: 40120 | G14: =+'EXHIBIT C'!H12+'EXHIBIT C(2)'!E15 -> 9081101
A15: TUITION | C15: CAREER CERTIFICATE AND APPLIED TECHNOLOGY DIPLOMA | F15: 40130 | G15: =+'EXHIBIT C'!H13+'EXHIBIT C(2)'!E16 -> 391000
A16: TUITION | C16: DEVELOPMENTAL EDUCATION | F16: 40150 | G16: =+'EXHIBIT C'!H14+'EXHIBIT C(2)'!E17 -> 1116005
A17: TUITION | C17: EDUCATOR PREPARATION INSTITUTES | F17: 40160 | G17: =+'EXHIBIT C'!H15+'EXHIBIT C(2)'!E18 -> 0
A19: SUBTOTAL STUDENT TUITION | G19: =SUM(G12:G17) -> 36710914
A21: OUT-OF-STATE FEES | C21: ADVANCED & PROFESSIONAL (UPPER LEVEL - BACCALAUREATE) | F21: 40301 | G21: =+'EXHIBIT C'!F19+'EXHIBIT C(2)'!E22 -> 430405
A22: OUT-OF-STATE FEES | C22: ADVANCED & PROFESSIONAL (LOWER LEVEL) | F22: 40310 | G22: =+'EXHIBIT C'!F20+'EXHIBIT C(2)'!E23 -> 2490763
A23: OUT-OF-STATE FEES | C23: POSTSECONDARY VOCATIONAL | F23: 40320 | G23: =+'EXHIBIT C'!F21+'EXHIBIT C(2)'!E24 -> 1019992
A24: OUT-OF-STATE FEES | C24: CAREER CERTIFICATE AND APPLIED TECHNOLOGY DIPLOMA | F24: 40330 | G24: =+'EXHIBIT C'!F22+'EXHIBIT C(2)'!E25 -> 50000
A25: OUT-OF-STATE FEES | C25: DEVELOPMENTAL EDUCATION | F25: 40350 | G25: =+'EXHIBIT C'!F23+'EXHIBIT C(2)'!E26 -> 285898
A26: OUT-OF-STATE FEES | C26: EDUCATOR PREPARATION INSTITUTES & ALTERNATIVE CERTIFICATION CURRICULUM | F26: 40360 | G26: =+'EXHIBIT C'!F24+'EXHIBIT C(2)'!E27 -> 0
A27: OUT-OF-STATE FEES | C27: DISTANCE LEARNING | F27: XXXXX | G27: =+'EXHIBIT C'!F25+'EXHIBIT C(2)'!E28 -> 0
A29: SUBTOTAL OUT-OF-STATE FEES | G29: =SUM(G21:G27) -> 4277058
A31: TUITION (PER TERM) - RESIDENT | C31: VOCATIONAL PREPARATORY | F31: 40180 | G31: ='EXHIBIT C'!H33 -> 0
A32: TUITION (PER TERM) - RESIDENT | C32: ADULT GENERAL EDUCATION AND SECONDARY | F32: 40190 | G32: ='EXHIBIT C'!H34 -> 0
A33: TUITION (PER HALF YEAR) - RESIDENT | C33: VOCATIONAL PREPARATORY | F33: 40180 | G33: ='EXHIBIT C'!H35 -> 0
A34: TUITION (PER HALF YEAR) - RESIDENT | C34: ADULT GENERAL EDUCATION AND SECONDARY | F34: 40190 | G34: ='EXHIBIT C'!H36 -> 0
A36: SUBTOTAL BLOCK RESIDENT TUITION | G36: =SUM(G31:G34) -> 0
A38: TUITION (PER TERM) - NONRESIDENT | C38: VOCATIONAL PREPARATORY | F38: 40380 | G38: ='EXHIBIT C'!F40 -> 0
A39: TUITION (PER TERM) - NONRESIDENT | C39: ADULT GENERAL EDUCATION AND SECONDARY | F39: 40390 | G39: ='EXHIBIT C'!F41 -> 0
A40: TUITION (PER HALF YEAR) - NONRESIDENT | C40: VOCATIONAL PREPARATORY | F40: 40380 | G40: ='EXHIBIT C'!F42 -> 0
A41: TUITION (PER HALF YEAR) - NONRESIDENT | C41: ADULT GENERAL EDUCATION AND SECONDARY | F41: 40390 | G41: ='EXHIBIT C'!F43 -> 0
A43: SUBTOTAL BLOCK TUITION NONRESIDENT FEES | G43: =SUM(G38:G42) -> 0
A45: SUBTOTAL FCSPF STUDENT FEES | G45: =G19+G29+G36+G43 -> 40987972
A47: TUITION - LIFELONG LEARNING | F47: 40210 | G47: 297000
A48: TUITION - CONTINUING WORKFORCE EDUCATION | F48: 40240 | G48: =3091442+250000 -> 3341442
A49: FULL COST OF INSTRUCTION (REPEAT COURSE FEE) | F49: 40260 | G49: 0
A50: TUITION - SELF-SUPPORTING | F50: 40270 | G50: 150000
A51: TUITION - DUAL ENROLLMENT | F51: 40280 | G51: =2100000+500000 -> 2600000
A52: LABORATORY FEES | F52: 40400 | G52: 3321443
A53: DISTANCE LEARNING COURSE USER FEES | F53: 40450 | G53: 4834243
A54: APPLICATION FEES | F54: 40500 | G54: 571000
A55: TRANSIENT STUDENT APPLICATION FEE | F55: 40505 | G55: 0
A56: GRADUATION FEES | F56: 40600 | G56: 0
A57: DIPLOMA REPLACEMENT FEES | F57: 40610 | G57: 0
A58: TRANSCRIPT FEES | F58: 40700 | G58: 97000
A59: FINANCIAL AID FUND FEES | F59: 40800 | G59: 0
A60: TECHNOLOGY FEE | F60: 40870 | G60: 2096067
A61: OTHER STUDENT FEES | F61: 40900 | G61: 78000
A62: TRANSPORTATION FEE (SANTA FE COLLEGE ONLY) | F62: 40980 | G62: 0
A63: CREDIT CARD CONVENIENCE FEE | F63: 40985 | G63: 0
A65: TOTAL STUDENT FEES | G65: =SUM(G45:G63) -> 58374167
A67: SUPPORT FROM LOCAL GOVERNMENT
A69: GRANTS AND CONTRACTS FROM CITIES | F69: 41500 | G69: 2400000
A70: GRANTS AND CONTRACTS FROM COUNTIES | F70: 41600 | G70: 0
A71: INDIRECT COSTS RECOVERED - CITY AND COUNTY | F71: 41900 | G71: 2000
A73: TOTAL SUPPORT FROM LOCAL GOVERNMENT | G73: =SUM(G69:G71) -> 2402000
A75: STATE SUPPORT
A77: FLORIDA COLLEGE SYSTEM PROGRAM FUND (FCSPF) | F77: 42110 | G77: ='CHECK SHEET'!D84 -> 81244931
A78: SPECIAL APPROPRIATION - OTHER (TO INCLUDE PIPELINE) | F78: 42130 | G78: 1845523
A79: PERFORMANCE-BASED INCENTIVE FUNDING - FCSPF | F79: 42150 | G79: 1479966
A80: LICENSE TAG FEES APPROPRIATION | F80: 42210
A81: PERFORMANCE-BASED INCENTIVE PROGRAM (CATEGORICAL APPROPRIATIONS, INDUSTRY CERTIFICATIONS) | F81: 42510 | G81: 700000
A82: LOTTERY FUNDS - FCSPF | F82: 42610 | G82: ='CHECK SHEET'!D86 -> 14666330
A83: GRANTS AND CONTRACTS - STATE | F83: 42700 | G83: -1845523
A84: INDIRECT COST RECOVERED - STATE | F84: 42900 | G84: 50000
A86: TOTAL STATE SUPPORT | G86: =SUM(G77:G84) -> 98141227
A88: FEDERAL SUPPORT
A90: GRANTS AND CONTRACTS FROM FEDERAL GOVERNMENT | F90: 43500 | G90: 70000
A91: GRANTS AND CONTRACTS FROM FEDERAL GOVERNMENT (EDUCATION) | F91: 43518 | G91: 0
A92: GRANTS AND CONTRACTS FROM FEDERAL GOVERNMENT (DISCRETIONARY) | F92: 43519 | G92: 0
A93: GRANTS AND CONTRACTS FEDERAL GOVERNMENT - STIMULUS (HEERF) - INSTITUTIONAL | F93: 43521 | G93: 0
A94: GRANTS AND CONTRACTS FEDERAL GOVERNMENT - STIMULUS (HEERF) - STUDENT | F94: 43526 | G94: 0
A95: INDIRECT COST RECOVERED - FEDERAL | F95: 43900 | G95: 350000
A97: TOTAL FEDERAL SUPPORT | G97: =SUM(G90:G95) -> 420000
A99: GIFTS, PRIVATE GRANTS AND CONTRACTS
A101: CASH CONTRIBUTIONS AND GIFTS | F101: 44100 | G101: 1742756
A102: NON-CASH CONTRIBUTIONS | F102: 44200 | G102: 0
A103: GIFTS, GRANTS AND CONTRACTS - PRIVATE | F103: 44400 | G103: 0
A104: INDIRECT COSTS RECOVERED - PRIVATE SOURCES | F104: 44900 | G104: 0
A106: TOTAL GIFTS, PRIVATE GRANTS AND CONTRACTS | G106: =SUM(G101:G104) -> 1742756
A108: SALES AND SERVICES DEPARTMENT
A110: COMMISSIONS | F110: 46200 | G110: 0
A111: RENTAL REVENUE (SHORT TERM) | F111: 46400 | G111: 8000
A112: OTHER SALES AND SERVICES | F112: 46600 | G112: 2586794
A113: TAXABLE SALES | F113: 46700 | G113: 0
A114: INTERDEPARTMENTAL SALES | F114: 46900 | G114: 0
A116: TOTAL SALES AND SVCS. DEPT. | G116: =SUM(G110:G114) -> 2594794
A118: ENDOWMENT INCOME-ADDITION TO PRINCIPAL | F118: 47100 | G118: 0
A120: TOTAL ENDOWMENT INCOME | G120: =G118 -> 0
A122: OTHER REVENUES
A124: INTEREST AND DIVIDENDS | F124: 48100 | G124: 3119600
A125: GAIN OR LOSS ON INVESTMENTS | F125: 48200 | G125: 0
A126: FINES AND PENALTIES | F126: 48700 | G126: 2000
A127: MISCELLANEOUS REVENUES | F127: 48900 | G127: 26000
A129: TOTAL OTHER REVENUES | G129: =SUM(G124:G127) -> 3147600
A131: NON-REVENUE RECEIPTS
A133: MANDATORY TRANSFERS IN, FROM CURRENT FUNDS - UNRESTRICTED | F133: 49110 | G133: 0
A134: NON-MANDATORY TRANSFERS IN | F134: 49200 | G134: 11909887
A135: PROCEEDS FROM CAPITAL ASSETS & RELATED LONG-TERM DEBT | F135: 49500 | G135: 0
A136: INSURANCE RECOVERY | F136: 49520 | G136: 0
...

Sheet EXHIBIT C(2)
E1: EXHIBIT C(2)
A3: THE FLORIDA COLLEGE SYSTEM
A4: BUDGET WORKSHEET FOR STUDENT TUITION PER CREDIT HOUR RATE CHANGE
A7: COLLEGE: | B7: ='CHECK SHEET'!D7 -> St. Petersburg College
A10: (This form is required by institutions that change the credit hour rate after the beginning of the fall fiscal year. The college must notify the Division of Florida Colleges prior to the beginning of the Spring term).
A12: STUDENT FEES | B12: DISCIPLINE | C12: GENERAL LEDGER CODE | D12: CHANGE IN CHARGE PER STUDENT CREDIT HOUR | E12: ADDITIONAL/ REDUCED BUDGETED FEE REVENUES
A13: TUITION | B13: ADVANCED & PROFESSIONAL (UPPER LEVEL - BACCALAUREATE) | C13: 40101 | D13: 0 | E13: 0
A14: TUITION | B14: ADVANCED & PROFESSIONAL (LOWER LEVEL) | C14: 40110 | D14: 0 | E14: 0
A15: TUITION | B15: POSTSECONDARY VOCATIONAL | C15: 40120 | D15: 0 | E15: 0
A16: TUITION | B16: CAREER CERTIFICATE AND APPLIED TECHNOLOGY DIPLOMA | C16: 40130 | D16: 0 | E16: 0
A17: TUITION | B17: DEVELOPMENTAL EDUCATION | C17: 40150 | D17: 0 | E17: 0
A18: TUITION | B18: EDUCATOR PREPARATION INSTITUTES | C18: 40160 | D18: 0 | E18: 0
B20: SUBTOTAL | E20: =SUM(E13:E18) -> 0
A21: STUDENT FEES | B21: DISCIPLINE | C21: GENERAL LEDGER CODE | D21: UPDATED CHARGE PER STUDENT CREDIT HOUR | E21: ADDITIONAL/ REDUCED BUDGETED FEE REVENUES
A22: OUT-OF-STATE FEES | B22: ADVANCED & PROFESSIONAL (UPPER LEVEL - BACCALAUREATE) | C22: 40301 | D22: 0 | E22: 0
A23: OUT-OF-STATE FEES | B23: ADVANCED & PROFESSIONAL (LOWER LEVEL) | C23: 40310 | D23: 0 | E23: 0
A24: OUT-OF-STATE FEES | B24: POSTSECONDARY VOCATIONAL | C24: 40320 | D24: 0 | E24: 0
A25: OUT-OF-STATE FEES | B25: CAREER CERTIFICATE AND APPLIED TECHNOLOGY DIPLOMA | C25: 40330 | D25: 0 | E25: 0
A26: OUT-OF-STATE FEES | B26: DEVELOPMENTAL EDUCATION | C26: 40350 | D26: 0 | E26: 0
A27: OUT-OF-STATE FEES | B27: EDUCATOR PREPARATION INSTITUTES & ALTERNATIVE CERTIFICATION CURRICULUM | C27: 40360 | D27: 0 | E27: 0
A28: OUT-OF-STATE FEES | B28: DISTANCE LEARNING | C28: XXXXX | D28: 0 | E28: 0
B30: SUBTOTAL | E30: =SUM(E22:E28) -> 0
A31: GRAND TOTAL CCPF STUDENT FEES | E31: =E20+E30 -> 0
A33: REASON FOR CHANGE IN TUITION:
C95: =SUM(C90:C94) -> 0

Sheet EXHIBIT E
E1: EXHIBIT E
A3: COLLEGE: | B3: ='CHECK SHEET'!D7 -> St. Petersburg College
A4: SUMMARY OF BUDGETED EXPENDITURES BY FUNCTION
A5: CURRENT FUND-UNRESTRICTED
A6: FISCAL YEAR 2026-27
A8: Enter amounts only for cells highlighted in light yellow.
A9: FUNCTION | B9: PERSONNEL GLC 500S | C9: CURRENT EXPENSE GLC 600S | D9: CAPITAL OUTLAY GLC 700S | E9: TOTAL
A10: INSTRUCTION | B10: 60389591 | C10: 5142551.4 | D10: 1405555 | E10: =SUM(B10:D10) -> 66937697
A11: RESEARCH | B11: 0 | C11: 0 | D11: 0 | E11: =SUM(B11:D11) -> 0
A12: PUBLIC SERVICE | B12: 0 | C12: 0 | D12: 0 | E12: =SUM(B12:D12) -> 0
A13: ACADEMIC SUPPORT:
A14: ACADEMIC SUPPORT - OTHER | B14: 22922201 | C14: 6923757.4 | D14: 691461.8 | E14: =SUM(B14:D14) -> 30537420
A15: STAFF/PROGRAM DEVELOPMENT | B15: 380000 | C15: 0 | D15: 0 | E15: =SUM(B15:D15) -> 380000
A16: STUDENT SUPPORT | B16: 18973877 | C16: 4065984.9 | D16: 555964.8 | E16: =SUM(B16:D16) -> 23595827
A17: INSTITUTIONAL SUPPORT | B17: 16366214 | C17: 12826874 | D17: 854580 | E17: =SUM(B17:D17) -> 30047668
A18: PLANT OPERATION AND MAINTENANCE | B18: 10972007 | C18: 11028594 | D18: 466025 | E18: =SUM(B18:D18) -> 22466626
A19: STUDENT AID | B19: 0 | C19: 2305048 | D19: 0 | E19: =SUM(B19:D19) -> 2305048
A20: TRANSFERS,CONTINGENCIES,ETC. | B20: 733335.48 | C20: 1728809.8 | D20: 0 | E20: =SUM(B20:D20) -> 2462145.2
A21: TOTAL | B21: =SUM(B10:B20) -> 130737225 | C21: =SUM(C10:C20) -> 44021619 | D21: =SUM(D10:D20) -> 3973586.6 | E21: =SUM(E10:E20) -> 1.7873243e+08
C96: =SUM(C91:C95) -> 0 | D96: =SUM(D91:D95) -> 0

Sheet EXHIBIT F
A1: EXHIBIT F
A2: (SAMPLE LETTER)
A3: Double Click to Download the PDF Document.

Sheet EXHIBIT G
A1: COLLEGE: | B1: ='CHECK SHEET'!D7 -> St. Petersburg College
A2: UPPER LEVEL PLANNED EXPENDITURES AND SOURCES OF FUNDS
A3: BACCALAUREATE DEGREE PROGRAM COLLEGE OPERATING BUDGET
A4: FISCAL YEAR 2026-27
A7: Enter amounts only for cells highlighted in light yellow. | C7: 2026-27
A8: PLANNED EXPENDITURES | C8: GENERAL LEDGER CODE | D8: UNRESTRICTED SOURCES | E8: RESTRICTED SOURCES | F8: TOTAL UNRESTRICTED AND RESTRICTED SOURCES
A9: PERSONNEL COSTS
A10: EXECUTIVE MANAGEMENT | C10: 51000 | D10: 0 | E10: 0 | F10: =+D10+E10 -> 0
A11: INSTRUCTIONAL MANAGEMENT | C11: 51100 | D11: 1224965.1 | E11: 0 | F11: =+D11+E11 -> 1224965.1
A12: INSTITUTIONAL MANAGEMENT | C12: 51200 | D12: 36353.13 | E12: 0 | F12: =+D12+E12 -> 36353.13
A13: EXECUTIVE, ADMINISTRATIVE, MANAGERIAL SABBATICAL | C13: 51400 | D13: 0 | E13: 0 | F13: =+D13+E13 -> 0
A14: EXECUTIVE, ADMINISTRATIVE, MANAGERIAL REGULAR PART-TIME | C14: 51500 | D14: 0 | E14: 0 | F14: =+D14+E14 -> 0
A15: INSTRUCTIONAL | C15: 52000 | D15: 3778012.1 | E15: 0 | F15: =+D15+E15 -> 3778012.1
A16: INSTRUCTIONAL - OVERLOAD/SUPPLEMENTAL | C16: 52100 | D16: 816377 | E16: 0 | F16: =+D16+E16 -> 816377
A17: INSTRUCTIONAL - SUBSTITUTION | C17: 52200 | D17: 520 | E17: 0 | F17: =+D17+E17 -> 520
A18: INSTRUCTIONAL - PARA-PROFESSIONAL/ASSOCIATE/ASSISTANT | C18: 52300 | D18: 0 | E18: 0 | F18: =+D18+E18 -> 0
A19: INSTRUCTIONAL - SABBATICAL | C19: 52400 | D19: 0 | E19: 0 | F19: =+D19+E19 -> 0
A20: INSTRUCTIONAL (PHASED RETIREMENT ) | C20: 52500 | D20: 0 | E20: 0 | F20: =+D20+E20 -> 0
A21: INSTRUCTIONAL (PHASED RETIREMENT ) - INSTRUCTOR/PROFESSOR | C21: 52501 | D21: 0 | E21: 0 | F21: =+D21+E21 -> 0
A22: INSTRUCTIONAL (PHASED RETIREMENT) - LIBRARIAN | C22: 52502 | D22: 0 | E22: 0 | F22: =+D22+E22 -> 0
A23: INSTRUCTIONAL (PHASED RETIREMENT) - COUNSELOR | C23: 52503 | D23: 0 | E23: 0 | F23: =+D23+E23 -> 0
A24: INSTRUCTIONAL (PHASED RETIREMENT) - REGULAR PART-TIME (FRS PARTICIPANT) | C24: 52504 | D24: 0 | E24: 0 | F24: =+D24+E24 -> 0
A25: OTHER PROFESSIONAL | C25: 53000 | D25: 991715.43 | E25: 0 | F25: =+D25+E25 -> 991715.43
A26: OTHER PROFESSIONAL - OVERLOAD/SUPPLEMENTAL | C26: 53100 | D26: 0 | E26: 0 | F26: =+D26+E26 -> 0
A27: OTHER PROFESSIONAL - SUBSTITUTION | C27: 53200 | D27: 0 | E27: 0 | F27: =+D27+E27 -> 0
A28: OTHER PROFESSIONAL - PARA-PROFESSIONAL/ASSOCIATE/ASSISTANT | C28: 53300 | D28: 0 | E28: 0 | F28: =+D28+E28 -> 0
A29: OTHER PROFESSIONAL - REGULAR PART-TIME | C29: 53500 | D29: 0 | E29: 0 | F29: =+D29+E29 -> 0
A30: TECHNICAL, CLERICAL, TRADE AND SERVICE | C30: 54000 | D30: 592532.56 | E30: 0 | F30: =+D30+E30 -> 592532.56
A31: TECHNICAL, CLERICAL, TRADE AND SERVICE - OVERTIME | C31: 54100 | D31: 0 | E31: 0 | F31: =+D31+E31 -> 0
A32: TECHNICAL, CLERICAL, TRADE AND SERVICE - REGULAR (PART-TIME) | C32: 54500 | D32: 0 | E32: 0 | F32: =+D32+E32 -> 0
... A34: OPS - INSTRUCTIONAL | C34: 56000 | D34: 0 | E34: 0 | F34: =+D34+E34 -> 0
A35: OPS - INSTRUCTIONAL/ADJUNCT INSTRUCTOR | C35: 56001 | D35: 1562006 | E35: 0 | F35: =+D35+E35 -> 1562006
A36: OPS - LIBRARIAN | C36: 56002 | D36: 0 | E36: 0 | F36: =+D36+E36 -> 0
A37: OPS - COUNSELOR | C37: 56003 | D37: 0 | E37: 0 | F37: =+D37+E37 -> 0
A38: OPS - PARA-PROFESSIONAL | C38: 56006 | D38: 48839 | E38: 0 | F38: =+D38+E38 -> 48839
A39: OPS - INSTRUCTIONAL SUBSTITUTES | C39: 56100 | D39: 0 | E39: 0 | F39: =+D39+E39 -> 0
A40: OPS - OTHER PROFESSIONAL PART-TIME | C40: 56500 | D40: 0 | E40: 0 | F40: =+D40+E40 -> 0
A41: OPS - TECHNICAL, CLERICAL, TRADE AND SERVICE | C41: 57000 | D41: 32418 | E41: 0 | F41: =+D41+E41 -> 32418
A42: STUDENT EMPLOYMENT - INSTITUTIONAL WORK STUDY | C42: 58000 | D42: 0 | E42: 0 | F42: =+D42+E42 -> 0
A43: STUDENT EMPLOYMENT - COLLEGE WORK STUDY PROGRAM | C43: 58100 | D43: 0 | E43: 0 | F43: =+D43+E43 -> 0
A44: STUDENT EMPLOYMENT - COLLEGE WORK EXPERIENCE PROG. | C44: 58200 | D44: 0 | E44: 0 | F44: =+D44+E44 -> 0
A45: STUDENT EMPLOYMENT - STUDENT ASSISTANTS | C45: 58300 | D45: 0 | E45: 0 | F45: =+D45+E45 -> 0
A46: EMPLOYEE AWARDS | C46: 58500 | D46: 0 | E46: 0 | F46: =+D46+E46 -> 0
A47: SOCIAL SECURITY CONTRIBUTIONS | C47: 59100 | D47: 424953.13 | E47: 0 | F47: =+D47+E47 -> 424953.13
A48: RETIREMENT CONTRIBUTIONS | C48: 59200 | D48: 865582.25 | E48: 0 | F48: =+D48+E48 -> 865582.25
A49: ACCRUED LEAVE EXPENSE (COMPENSATED ABSENCES) | C49: 59300 | D49: 0 | E49: 0 | F49: =+D49+E49 -> 0
... A55: PERSONNEL EXPENSE CONTINGENCY (BUDGET ONLY) | C55: 59900 | D55: 70931 | E55: 0 | F55: =+D55+E55 -> 70931
A56: TOTAL PERSONNEL COSTS | D56: =SUM(D10:D55) -> 11803830 | E56: =SUM(E10:E55) -> 0 | F56: =+D56+E56 -> 11803830
C60: =C7 -> 2026-27
A61: PLANNED EXPENDITURES | C61: GENERAL LEDGER CODE | D61: UNRESTRICTED SOURCES | E61: RESTRICTED SOURCES | F61: TOTAL UNRESTRICTED AND RESTRICTED SOURCES
A62: CURRENT EXPENSE
A63: TRAVEL | C63: 60500 | D63: 56328 | E63: 0 | F63: =+D63+E63 -> 56328
A64: FREIGHT AND POSTAGE | C64: 61000 | D64: 400 | E64: 0 | F64: =+D64+E64 -> 400
A65: TELECOMMUNICATIONS | C65: 61500 | D65: 179672.18 | E65: 0 | F65: =+D65+E65 -> 179672.18
A66: PRINTING | C66: 62000 | D66: 9648.88 | E66: 0 | F66: =+D66+E66 -> 9648.88
A67: REPAIRS & MAINTENANCE | C67: 62500 | D67: 4500 | E67: 0 | F67: =+D67+E67 -> 4500
A68: RENTALS | C68: 63000 | D68: 2292.84 | E68: 0 | F68: =+D68+E68 -> 2292.84
A69: LEASE PAYMENTS (LONG-TERM/ASSET<$5,000) | C69: 63100 | D69: 0 | E69: 0 | F69: 0
A70: INSURANCE | C70: 63500 | D70: 0 | E70: 0 | F70: =+D70+E70 -> 0
A71: UTILITIES | C71: 64000 | D71: 500 | E71: 0 | F71: =+D71+E71 -> 500
A72: OTHER SERVICES | C72: 64500 | D72: 113415.6 | E72: 0 | F72: =+D72+E72 -> 113415.6
A73: WORKFORCE/WAGES/GRANT PARTICIPANT SUPPORT COSTS | C73: 64600 | D73: 0 | E73: 0 | F73: =+D73+E73 -> 0
A74: SERVICE PROVIDER CONTRACTS - WORKFORCE/WAGES | C74: 64700 | D74: 0 | E74: 0 | F74: =+D74+E74 -> 0
A75: PROFESSIONAL FEES | C75: 65000 | D75: 46570 | E75: 0 | F75: =+D75+E75 -> 46570
A76: EDUCATIONAL, OFFICE/DEPARTMENT MATERIALS AND SUPPLIES | C76: 65500 | D76: 69428.12 | E76: 0 | F76: =+D76+E76 -> 69428.12
A77: DATA SOFTWARE - NON-CAPITALIZED | C77: 65700 | D77: 1584188.8 | E77: 0 | F77: =+D77+E77 -> 1584188.8
A78: MAINTENANCE AND CONSTRUCTION MATERIALS AND SUPPLIES | C78: 66000 | D78: 29337 | E78: 0 | F78: =+D78+E78 -> 29337
A79: OTHER MATERIALS AND SUPPLIES | C79: 66500 | D79: 208608 | E79: 0 | F79: =+D79+E79 -> 208608
A80: LIBRARY RESOURCES | C80: 67000 | D80: 200000 | E80: 0 | F80: =+D80+E80 -> 200000
A81: NON-COMMODITY FOOD FOR RESALE | C81: 67500 | D81: 0 | E81: 0 | F81: =+D81+E81 -> 0
... A86: PAYMENT ON DEBT PRINCIPAL | C86: 69000 | D86: 0 | E86: 0 | F86: =+D86+E86 -> 0
A87: MANDATORY TRANSFERS OUT | C87: 69100 | D87: 0 | E87: 0 | F87: =+D87+E87 -> 0
A88: NONMANDATORY TRANSFERS OUT | C88: 69200 | D88: 0 | E88: 0 | F88: =+D88+E88 -> 0
A89: OTHER EXPENSES | C89: 69500 | D89: 0 | E89: 0 | F89: =+D89+E89 -> 0
A90: PRIOR YEAR CORRECTIONS | C90: 69600 | D90: 0 | E90: 0 | F90: =+D90+E90 -> 0
A91: CURRENT EXPENSE CONTINGENCY (BUDGET ONLY) | C91: 69900 | D91: 0 | E91: 0 | F91: =+D91+E91 -> 0
A92: TOTAL CURRENT EXPENSE | D92: =SUM(D63:D91) -> 2504889.4 | E92: =SUM(E63:E91) -> 0 | F92: =+D92+E92 -> 2504889.4
C95: =C7 -> 2026-27
A96: CAPITAL OUTLAY | C96: GENERAL LEDGER CODE | D96: UNRESTRICTED SOURCES | E96: RESTRICTED SOURCES | F96: TOTAL UNRESTRICTED AND RESTRICTED SOURCES
A97: MINOR EQUIPMENT - NON-CAPITALIZED, NON INVENTORIED | C97: 70500 | D97: =50570.81 -> 50570.81 | E97: 0 | F97: =+D97+E97 -> 50570.81
A98: MINOR EQUIPMENT - NON CAPITALIZED INVENTORIED | C98: 70600 | D98: 0 | E98: 0 | F98: =+D98+E98 -> 0
A99: FURNITURE AND EQUIPMENT | C99: 71000 | D99: 0 | E99: 0 | F99: =+D99+E99 -> 0
A100: DATA SOFTWARE | C100: 72000 | D100: 0 | E100: 0 | F100: =+D100+E100 -> 0
A101: BUILDINGS AND FIXED EQUIPMENT | C101: 75000 | D101: 0 | E101: 0 | F101: =+D101+E101 -> 0
A102: OTHER LICENSES | C102: 73001 | D102: 0 | E102: 0 | F102: =+D102+E102 -> 0
A103: DATA LICENSES - PERPETUAL | C103: 73002 | D103: 0 | E103: 0 | F103: =+D103+E103 -> 0
A104: ARTWORK/ARTIFACT | C104: 73050 | D104: 0 | E104: 0 | F104: =+D104+E104 -> 0
A105: LEASE PAYMENTS, CAPITALIZED | C105: 73100 | D105: 0 | E105: 0 | F105: =+D105+E105 -> 0
A106: REMODELING & RENOVATION, NON-CAPITALIZED REPAIRS & MAINTENANCE, & OTHER STRUCTURES & IMPROVEMENTS | C106: 76000 | D106: 0 | E106: 0 | F106: =+D106+E106 -> 0
A107: LAND | C107: 77000 | D107: 0 | E107: 0 | F107: =+D107+E107 -> 0
A108: OTHER STRUCTURES, LAND IMPROVEMENTS | C108: 79000 | D108: 0 | E108: 0 | F108: =+D108+E108 -> 0
A109: CAPITAL OUTLAY CONTINGENCY (BUDGET ONLY) | C109: 79900 | D109: 0 | E109: 0 | F109: =+D109+E109 -> 0
A110: TOTAL CAPITAL OUTLAY | D110: =SUM(D97:D109) -> 50570.81 | E110: =SUM(E97:E109) -> 0 | F110: =SUM(D110:E110) -> 50570.81
A112: GRAND TOTAL EXPENDITURES | D112: =+D56+D92+D110 -> 14359290 | E112: =+E56+E92+E110 -> 0 | F112: =SUM(D112:E112) -> 14359290
A115: SOURCES OF FUNDS | C115: GENERAL LEDGER CODE | D115: UNRESTRICTED SOURCES | E115: RESTRICTED SOURCES | F115: TOTAL UNRESTRICTED AND RESTRICTED SOURCES
A116: 1. SPECIAL STATE NONRECURRING | D116: 0 | E116: 0 | F116: 0
A117: 2. UPPER LEVEL - RESIDENT STUDENT TUITION | D117: ='EXHIBIT C'!H10 -> 6870799 | E117: 0 | F117: =+D117+E117 -> 6870799
A118: UPPER LEVEL - NONRESIDENT STUDENT TUITION | D118: ='EXHIBIT C'!F19 -> 430405 | E118: 0 | F118: =+D118+E118 -> 430405
A119: UPPER LEVEL - OTHER STUDENT FEES | D119: 2323907 | E119: 0 | F119: =+D119+E119 -> 2323907
A120: 3. CONTRIBUTIONS OR MATCHING GRANTS | D120: 0 | E120: 0 | F120: =+D120+E120 -> 0
...

Sheet FEE AUDIT - TUITION AND FEES
B1: THE FLORIDA COLLEGE SYSTEM
B2: FALL 2026-27 TUITION INCREASED BY 0%
B5: LOWER LEVEL CREDIT PROGRAMS - RESIDENT: (ADVANCED & PROFESSIONAL, POSTSECONDARY VOCATIONAL, DEVELOPMENTAL EDUCATION, AND EDUCATOR PREPARATION INSTITUTE) | C5: TUITION AND FEE RATES PER CREDIT HOUR
C6: STANDARD | D6: MINIMUM | E6: MAXIMUM
D7: -0.1 | E7: 0.15
B8: TUITION | C8: 71.976 | D8: 64.78 | E8: 82.78
B9: STUDENT FINANCIAL AID(1) (5% of tuition) | C9: 3.6 | D9: 3.24 | E9: 4.14
B10: TECHNOLOGY(1) (5% of tuition) | C10: 3.6 | D10: 3.24 | E10: 4.14
B11: STUDENT ACTIVITY AND SERVICE(1) (10% of tuition) | C11: 7.2 | D11: 6.48 | E11: 8.28
B12: CAPITAL IMPROVEMENT FEE(1) (20% of tuition; $2 maximum increase per year) Example shown below.
B13: LOWER LEVEL CREDIT PROGRAMS - NON-RESIDENT: (ADVANCED & PROFESSIONAL, POSTSECONDARY VOCATIONAL, DEVELOPMENTAL EDUCATION, AND EDUCATOR PREPARATION INSTITUTE) | C13: TUITION AND FEE RATES PER CREDIT HOUR
C14: STANDARD | D14: MINIMUM | E14: MAXIMUM
D15: =D7 -> -0.1 | E15: =E7 -> 0.15
B16: TUITION | C16: 71.976 | D16: 64.78 | E16: 82.78
B17: OUT-OF-STATE (O.O.S.) FEE | C17: 215.938 | D17: 194.35 | E17: 248.33
B18: STUDENT FINANCIAL AID(1) (5% of tuition & O.O.S.) | C18: 14.4 | D18: 12.96 | E18: 16.56
B19: TECHNOLOGY(1) (5% of tuition & O.O.S.) | C19: 14.4 | D19: 12.96 | E19: 16.56
B20: STUDENT ACTIVITY AND SERVICE(1) (10% of tuition - must be same as resident) | C20: 7.2 | D20: 6.48 | E20: 8.28
B21: CAPITAL IMPROVEMENT FEE(1) (20% of tuition & O.O.S.) | C21: 57.58 | D21: 51.83 | E21: 66.22
B23: UPPER LEVEL CREDIT PROGRAMS - RESIDENT: (BACCALAUREATE DEGREE PROGRAMS) | C23: TUITION AND FEE RATES PER CREDIT HOUR
C24: STANDARD | D24: MINIMUM | E24: MAXIMUM
D25: 0 | E25: 0
B26: TUITION | C26: 91.79 | D26: =ROUND(C26*(1+D25),2) -> 91.79 | E26: =ROUND(C26*(1+E25),2) -> 91.79
B27: STUDENT FINANCIAL AID(1) (5% of tuition) | C27: 4.59 | D27: 4.59 | E27: 4.59
B28: TECHNOLOGY(1) (5% of tuition) | C28: 4.59 | D28: 4.59 | E28: 4.59
B29: STUDENT ACTIVITY AND SERVICE(1) (10% of tuition) | C29: 9.18 | D29: 9.18 | E29: 9.18
B30: CAPITAL IMPROVEMENT FEE(1) (20% of tuition; $2 maximum increase per year) Example shown below.
B31: UPPER LEVEL CREDIT PROGRAMS - NON-RESIDENT: (BACCALAUREATE DEGREE PROGRAMS) (2) | C31: TUITION AND FEE RATES PER CREDIT HOUR
C32: STANDARD | D32: MINIMUM | E32: MAXIMUM
D33: =D25 -> 0 | E33: =E25 -> 0
B34: TUITION | C34: 91.79 | D34: =ROUND(C34*(1+D33),2) -> 91.79 | E34: =ROUND(C34*(1+E33),2) -> 91.79
B35: OUT-OF-STATE (O.O.S.) FEE | C35: TBD | D35: TBD | E35: TBD
B36: STUDENT FINANCIAL AID(1) (5% of tuition & O.O.S.) | C36: TBD | D36: TBD | E36: TBD
B37: TECHNOLOGY(1) (5% of tuition & O.O.S.) | C37: TBD | D37: TBD | E37: TBD
B38: STUDENT ACTIVITY AND SERVICE(1) (10% of tuition - must be same as resident) | C38: =C29 -> 9.18 | D38: =D29 -> 9.18 | E38: =E29 -> 9.18
B39: CAPITAL IMPROVEMENT FEE(1) (20% of tuition & O.O.S.) | C39: TBD | D39: TBD | E39: TBD
B41: (1) Discretionary fees are not required.
B42: (2) The sum of tuition and the out-of-state baccalaureate fee shall be no more than 85% of the sum of tuition and the out-of-state fee at the state university nearest the Florida college, per section 1009.23(3)(b)2., Florida Statutes.
B45: Capital Improvement Fee Calculation Example: Assumption - The college establishes
B46: ="the maximum tuition rate. Maximum credit tuition rate = "&TEXT(E16,"$0.00") -> the maximum tuition rate. Maximum credit tuition rate = $82.78
B47: 20% of $82.78 = $16.56 maximum possible rate, but the fee may not increase by more than $2 in any single year.
B52: =B1 -> THE FLORIDA COLLEGE SYSTEM
B53: =B2&" , cont." -> FALL 2026-27 TUITION INCREASED BY 0% , cont.
B56: CAREER CERTIFICATE AND APPLIED TECHNOLOGY DIPLOMA (CCATD) PROGRAMS - RESIDENT: | C56: TUITION AND FEE RATES PER CREDIT HOUR
C57: STANDARD | D57: MINIMUM | E57: MAXIMUM
D58: -0.05 | E58: 0.05
B59: TUITION | C59: 69.9 | D59: =ROUND(C59*(1+D58),2) -> 66.41 | E59: =ROUND(C59*(1+E58),2) -> 73.4
B60: STUDENT FINANCIAL AID(1) (10% of tuition) | C60: 6.99 | D60: =ROUND(D59*'DISCRETIONARY FEE PERCENTAGES'!$B$6,2) -> 6.64 | E60: =ROUND(E59*'DISCRETIONARY FEE PERCENTAGES'!$B$6,2) -> 7.34
B61: TECHNOLOGY(1) (5% of tuition) | C61: 3.5 | D61: =ROUND(D59*'DISCRETIONARY FEE PERCENTAGES'!$B$25,2) -> 3.32 | E61: =ROUND(E59*'DISCRETIONARY FEE PERCENTAGES'!$B$25,2) -> 3.67
B62: CAPITAL IMPROVEMENT FEE(1) (5% of tuition) | C62: 3.5 | D62: =ROUND(D59*'DISCRETIONARY FEE PERCENTAGES'!$B$19,2) -> 3.32 | E62: =ROUND(E59*'DISCRETIONARY FEE PERCENTAGES'!$B$19,2) -> 3.67
B63: CAREER CERTIFICATE AND APPLIED TECHNOLOGY DIPLOMA PROGRAM (CCATD) S - NON-RESIDENT: | C63: TUITION AND FEE RATES PER CREDIT HOUR
C64: STANDARD | D64: MINIMUM | E64: MAXIMUM
D65: =D58 -> -0.05 | E65: =E58 -> 0.05
B66: TUITION | C66: 69.9 | D66: =ROUND(C66*(1+D65),2) -> 66.41 | E66: =ROUND(C66*(1+E65),2) -> 73.4
B67: OUT-OF-STATE (O.O.S.) FEE | C67: 209.7 | D67: =ROUND(C67*(1+D65),2) -> 199.22 | E67: =ROUND(C67*(1+E65),2) -> 220.19
B68: STUDENT FINANCIAL AID(1) (10% of tuition & O.O.S.) | C68: 27.96 | D68: =ROUND((D66+D67)*'DISCRETIONARY FEE PERCENTAGES'!$B$10,2) -> 26.56 | E68: =ROUND((E66+E67)*'DISCRETIONARY FEE PERCENTAGES'!$B$10,2) -> 29.36
B69: TECHNOLOGY(1) (5% of tuition & O.O.S.) | C69: 13.98 | D69: =ROUND((D66+D67)*'DISCRETIONARY FEE PERCENTAGES'!$B$28,2) -> 13.28 | E69: =ROUND((E66+E67)*'DISCRETIONARY FEE PERCENTAGES'!$B$28,2) -> 14.68
B70: CAPITAL IMPROVEMENT FEE(1) (5% of tuition & O.O.S.) | C70: 13.98 | D70: =ROUND((D66+D67)*'DISCRETIONARY FEE PERCENTAGES'!$B$22,2) -> 13.28 | E70: =ROUND((E66+E67)*'DISCRETIONARY FEE PERCENTAGES'!$B$22,2) -> 14.68
B72: ADULT GENERAL EDUCATION AND VOCATIONAL PREPARATORY RESIDENT AND NONRESIDENT: | C72: TUITION RATES PER CREDIT HOUR
C73: STANDARD | D73: MINIMUM | E73: MAXIMUM
D74: -0.05 | E74: 0.05
B75: TUITION PER TERM | C75: 30 | D75: =ROUND(C75*(1+D74),2) -> 28.5 | E75: =ROUND(C75*(1+E74),2) -> 31.5
B77: TUITION PER HALF YEAR | C77: 45 | D77: =ROUND(C77*(1+D74),2) -> 42.75 | E77: =ROUND(C77*(1+E74),2) -> 47.25
B79: (1) Discretionary fees are not required.
B81: During the 2014 Legislative Session, House Bill 851, Section 2 amended s.1009.22(3)(c), Florida Statutes, eliminated the out-of-state fee for adult general education programs.

Sheet DISCRETIONARY FEE PERCENTAGES
A1: THE FLORIDA COLLEGE SYSTEM
A2: 2023-24 MAXIMUM DISCRETIONARY FEE PERCENTAGES
A3: STUDENT FINANCIAL AID FEE - RESIDENT
A4: Credit total generated by student financial aid fee under $500,000 | B4: 0.07 | C4: of total in-state tuition
A5: Credit total generated by student financial aid fee over $500,000 | B5: 0.05 | C5: of total in-state tuition
A6: CCATD | B6: 0.1 | C6: of total in-state tuition
A7: STUDENT FINANCIAL AID FEE - NONRESIDENT
A8: Credit total generated by student financial aid fee under $500,000 | B8: 0.07 | C8: of total in-state and out-of-state tuition
A9: Credit total generated by student financial aid fee over $500,000 | B9: 0.05 | C9: of total in-state and out-of-state tuition
A10: =A6 -> CCATD | B10: 0.1 | C10: of total in-state and out-of-state tuition
A11: STUDENT ACTIVITY AND SERVICE FEE - RESIDENT
A12: Credit | B12: 0.1 | C12: of in-state tuition
A13: =A6 -> CCATD | B13: 0 | C13: not allowed
A14: STUDENT ACTIVITY AND SERVICE FEE - NONRESIDENT
A15: Credit | B15: 0.1 | C15: of in-state tuition - must be same as in-state
A16: =A6 -> CCATD | B16: 0 | C16: not allowed
A17: CAPITAL IMPROVEMENT FEE - RESIDENT
A18: Credit | B18: 0.2 | C18: of in-state tuition but cannot increase more than $2 per year
A19: =A6 -> CCATD | B19: 0.05 | C19: of total in-state tuition; no cap per year
A20: CAPITAL IMPROVEMENT FEE - NONRESIDENT
A21: Credit | B21: 0.2 | C21: of total in-state and out-of-state tuition
A22: =A6 -> CCATD | B22: 0.05 | C22: of total in-state and out-of-state tuition
A23: TECHNOLOGY FEE - RESIDENT
A24: Credit | B24: 0.05 | C24: of in-state tuition
A25: =A6 -> CCATD | B25: 0.05 | C25: of in-state tuition
A26: TECHNOLOGY FEE - NONRESIDENT
A27: Credit | B27: 0.05 | C27: of total in-state and out-of-state tuition
A28: =A6 -> CCATD | B28: 0.05 | C28: of total in-state and out-of-state tuition
A30: In accordance with section 1009.22(3)(b), Florida Statutes, fees for continuing workforce education shall be locally determined by the Florida College System institution board of trustees. Expenditures for the continuing workforce education program provided by the Florida college or school district must be fully supported by fees. Enrollments in continuing workforce educaton courses may not be counted for purposes of funding full-time equivalent enrollment.
A32: In accordance with section 1009.22(3)(c), students enrolled in adult general education may not be assessed out-of-state fee, financial aid, capital improvement, or technology fees authorized in subsection (5), subsection (6), or subsection (7).
A34: In accordance with section 1009.22(3)(a), Florida Statutes, fee-nonexempt students enrolled in applied academics for adult education instruction shall be charged fees equal to the fees charged for adult education programs.
A36: CCATD - Career Certificate And Applied Technology Diploma Programs

Sheet _56F9DC9755BA473782653E2940F9
A1: exC_Y2_Lc0GMHBQGu1y3lC-ujT3W1J9Mmrw7lar5L6lUOVRERkUzWk9MQ0syNUk5WkxQTENZVlMxNyQlQCN0PWcu
A2: Form1
A3: {443f49f6-a1f9-44d6-ae95-06dab15b27e1}
